Workbook
Name OLE_LINK1: Earthworks!$D$13
Name OLE_LINK1: 'Earthworks OLD'!$D$11

Sheet Summary With Fees 
A1: ELECTRICAL SUPPLY AND INSTALLATION
A2: KWAKWATSI SUBSTATION
A3: BILL OF QUANTITIES
A5: ELECTRICAL WORKS
A6: ITEM | B6: DESCRIPTION | C6: AMOUNT
A8: 1 | B8: Preliminary and General | C8: =Preliminaries!H70 -> 0
A10: 2 | B10: Site Clearance | C10: ='Site Clearance Old'!G13 -> 942750
A12: 3 | B12: Earth Works | C12: ='Earthworks OLD'!G18 -> 8022034
A14: 4 | B14: Excavation & Control Trenches | C14: ='Excavation & Control Trench old'!G17 -> 576562
A16: 5 | B16: Concrete Works | C16: =Concrete!I23 -> 0
A18: 6 | B18: Structural Steel Works | C18: ='Structural Steel Work'!H34 -> 0
A20: 7 | B20: Cable Ducts | C20: ='Cable Duct'!H19 -> 0
A22: 8 | B22: Storm Water & Drains | C22: ='Storm Water Drainage OLD'!H33 -> 3414253
A24: 9 | B24: Facilities | C24: =Facilities!H15 -> 0
A26: 10 | B26: Substation Fencing | C26: ='Substation Fencing'!H41 -> 0
A28: 11 | B28: Earth Mat Grid | C28: ='Installation of Earth Grid'!H21 -> 0
A30: 12 | B30: MV Switch Gear | C30: ='MV Metal Clad Sw Gear'!H48 -> 0
A32: 13 | B32: General Electrical | C32: ='General Electrical'!H30 -> 0
A34: 14 | B34: Out Door Equipments | C34: ='Outdoor Equipment'!H31 -> 0
A36: 15 | B36: HV-MV Cabling | C36: ='MV Cable Work'!H73 -> 0
A38: 16 | B38: Conductor Stringing | C38: ='Conductor Stringing'!H20 -> 0
A40: 17 | B40: Clamp Installation | C40: {='Install Clamps'!H42:H42} -> 0
A42: 18 | B42: Commissioning | C42: ='Commissioning '!H30 -> 0
B44: Subtotal | C44: =SUM(C8:C42) -> 12955599
B46: Contingencies @ 5% | C46: =C44*0.05 -> 647779.95
B48: Subtotal Incl Contingencies | C48: =C44+C46 -> 13603379
B50: Professional Fees | C50: ='Fees '!G35 -> 1081887.4
B52: Disbursements | C52: ='Fees '!G48 -> 1350000
B54: Subtotal Incl Contingencies and Professional Fees & Disbursements | C54: =C48+C50+C52 -> 16035266
B56: 15% VAT | C56: =C48*0.15 -> 2040506.8
B58: TOTAL FOR ELECTRICAL WORKS : | C58: =C54+C56 -> 18075773
B60: SCHEDULE 9 : PRELIMINARY & GENERAL FOR VILLAGE RETICULATION PORTION
B62: SCHEDULE 12 : VILLAGE RETICULATION: SECONDARY SYSTEM FOR FUTURE STAND CONNECTIONS PRELIMINARY
B64: TOTAL CARRIED FORWARD TO CALCULATION OF TENDER SUM
B66: 10% CONTINGENCIES (0nly to be expended on the written authority of the Engineer )
B68: SUB-TOTAL
B70: 14% VAT
B72: PART TOTAL OF SECTION 4 : TO FORM OF TENDER
B75: O/A TOTAL OF SECTION 4 : TO FORM OF TENDER
B137: 263515.66

Sheet  Summary final
A1: ELECTRICAL WORKS
A2: ITEM | B2: DESCRIPTION | C2: AMOUNT
A3: 1 | B3: Preliminary and General | C3: =Preliminaries!H70 -> 0
A4: 2 | B4: Site Clearance | C4: ='Site Clearance '!G13 -> 0
A5: 3 | B5: Earth Works | C5: =Earthworks!G17 -> 0
A6: 4 | B6: Excavation & Control Trenches | C6: ='Excavation & Control Trench '!G17 -> 0
A7: 5 | B7: Concrete Works | C7: =Concrete!I23 -> 0
A8: 6 | B8: Structural Steel Works | C8: ='Structural Steel Work'!H34 -> 0
A9: 7 | B9: Cable Ducts | C9: ='Cable Duct'!H19 -> 0
A10: 8 | B10: Storm Water & Drains | C10: ='Storm Water Drainage '!H33 -> 0
A11: 9 | B11: Facilities | C11: =Facilities!H15 -> 0
A12: 10 | B12: Substation Fencing | C12: ='Substation Fencing'!H41 -> 0
A13: 11 | B13: Earth Mat Grid | C13: ='Installation of Earth Grid'!H21 -> 0
A14: 12 | B14: MV Switch Gear | C14: ='MV Metal Clad Sw Gear'!H48 -> 0
A15: 13 | B15: General Electrical | C15: ='General Electrical'!H30 -> 0
A16: 14 | B16: Out Door Equipments | C16: ='Outdoor Equipment'!H31 -> 0
A17: 15 | B17: HV-MV Cabling | C17: ='MV Cable Work'!H73 -> 0
A18: 16 | B18: Conductor Stringing | C18: ='Conductor Stringing'!H20 -> 0
A19: 17 | B19: Clamp Installation | C19: {='Install Clamps'!H42:H42} -> 0
A20: 18 | B20: Commissioning | C20: ='Commissioning '!H30 -> 0
A22: 19 | B22: Earthworks (Roads and Subgrade) | C22: ='Access Road'!G37 -> 0
B23: Subtotal | C23: =SUM(C3:C22) -> 0
B25: Contingencies @ 5% | C25: =C23*0.05 -> 0
B28: Subtotal Incl Contingencies | C28: =SUM(C23:C26) -> 0
B30: 15% VAT | C30: =C28*0.15 -> 0
B31: Total for Electrical Work: | C31: =C30+C28 -> 0

Sheet Summary With Fees 2023
A1: ELECTRICAL WORKS
A2: ITEM | B2: DESCRIPTION | C2: AMOUNT
A3: 1 | B3: Preliminary and General | C3: =Preliminaries!H70 -> 0
A4: 2 | B4: Site Clearance | C4: ='Site Clearance Old'!G13 -> 942750
A5: 3 | B5: Earth Works | C5: ='Earthworks OLD'!G18 -> 8022034
A6: 4 | B6: Excavation & Control Trenches | C6: ='Excavation & Control Trench old'!G17 -> 576562
A7: 5 | B7: Concrete Works | C7: =Concrete!I23 -> 0
A8: 6 | B8: Structural Steel Works | C8: ='Structural Steel Work'!H34 -> 0
A9: 7 | B9: Cable Ducts | C9: ='Cable Duct'!H19 -> 0
A10: 8 | B10: Storm Water & Drains | C10: ='Storm Water Drainage OLD'!H33 -> 3414253
A11: 9 | B11: Facilities | C11: =Facilities!H15 -> 0
A12: 10 | B12: Substation Fencing | C12: ='Substation Fencing'!H41 -> 0
A13: 11 | B13: Earth Mat Grid | C13: ='Installation of Earth Grid'!H21 -> 0
A14: 12 | B14: MV Switch Gear | C14: ='MV Metal Clad Sw Gear'!H48 -> 0
A15: 13 | B15: General Electrical | C15: ='General Electrical'!H30 -> 0
A16: 14 | B16: Out Door Equipments | C16: ='Outdoor Equipment'!H31 -> 0
A17: 15 | B17: HV-MV Cabling | C17: ='MV Cable Work'!H73 -> 0
A18: 16 | B18: Conductor Stringing | C18: ='Conductor Stringing'!H20 -> 0
A19: 17 | B19: Clamp Installation | C19: {='Install Clamps'!H42:H42} -> 0
A20: 18 | B20: Commissioning | C20: ='Commissioning '!H30 -> 0
B22: Subtotal | C22: =SUM(C3:C20) -> 12955599
B24: Contingencies @ 5% | C24: =C22*0.05 -> 647779.95
B26: Professional Fees | C26: ='Fees '!G35 -> 1081887.4
B28: Disbursements | C28: ='Fees '!G48 -> 1350000
B30: Fees and Disbursements previously paid | C30: =1412398.69 -> 1412398.7 | D30: =C26+C28-C30 -> 1019488.7 | E30: Fees
B32: Subtotal Incl Contingencies | C32: =SUM(C22:C28)-C30 -> 14622868
B34: 15% VAT | C34: =C32*0.15 -> 2193430.1
B35: Total for Electrical Work: | C35: =C34+C32 -> 16816298

Sheet Summary
B2: Category | G2: Costs
A3: 1 | B3: Preliminaries | G3: =Preliminaries!H70 -> 0 | H3: =G3/G22 -> #REF!
A4: 2 | B4: Site Clearance | G4: ='Site Clearance Old'!G13 -> 942750
A5: 3 | B5: Earth Works | G5: ='Earthworks OLD'!G18 -> 8022034
A6: 4 | B6: Excavation & Control Trenches | G6: ='Excavation & Control Trench old'!G17 -> 576562
A7: 5 | B7: Concrete Works | G7: =Concrete!I23 -> 0
A8: 6 | B8: Structural Steel Works | G8: ='Structural Steel Work'!H34 -> 0
A9: 7 | B9: Cable Ducts | G9: ='Cable Duct'!H19 -> 0
A10: 8 | B10: Storm Water & Drains | G10: ='Storm Water Drainage OLD'!H33 -> 3414253
A11: 9 | B11: Facilities | G11: =Facilities!H15 -> 0
A12: 10 | B12: Substation Fencing | G12: ='Substation Fencing'!H41 -> 0
A13: 11 | B13: Earth Mat Grid | G13: ='Installation of Earth Grid'!H21 -> 0
A14: 12 | B14: MV Switch Gear | G14: ='MV Metal Clad Sw Gear'!H48 -> 0
A15: 13 | B15: General Electrical | G15: ='General Electrical'!H30 -> 0
A16: 14 | B16: Out Door Equipments | G16: ='Outdoor Equipment'!H31 -> 0
A17: 15 | B17: HV -MV Cabling | G17: ='MV Cable Work'!H73 -> 0
A18: 16 | B18: Conductor Stringing | G18: ='Conductor Stringing'!H20 -> 0
A19: 17 | B19: Commissioning | G19: =#REF! -> #REF!
A20: 18 | B20: Installations Clamps | G20: {=#REF!} -> #REF!
A22: A | B22: Total Project Costs | G22: =SUM(G3:G21) -> #REF!
A23: B | B23: VAT 15% | G23: =G22*0.15 -> #REF!
A24: C | B24: Total Costs | G24: =G22+G23 -> #REF!
E57: ADD 10% CONTINGENCIES
F60: SUBTOTAL
F63: ADD 14% VAT
B66: TOTAL CARRIED FORWARD TO FORM OF OFFER | C66: TOTAL CARRIED FORWARD TO FORM OF OFFER

Sheet Fees 
D1: CLIENT | F1: NGWATHE LOCAL MUNUCIPALITY
D2: CONSULTANT | F2: MUTEO CONSULTING
D3: PROJECT NUMBER | F3: NLM:TEC:51/20/21
D4: PROJECT NAME | F4: CONSTRUCTION OF KOPPIES SUB-STATION
B6: Construction Costs
A7: A | B7: Cost of Works Excluding VAT | G7: ='Summary With Fees 2023'!C22 -> 12955599
B8: Professional Fees
A9: B | B9: Project Type and Fee Category (Gov. Gazette No. 39480, Table 4-1, 4-2 or 4-3) | F9: D
B10: Typical Lower Limit (Table 4-5) | F10: =VLOOKUP($F$9,[1]Lookup!$B$12:$D$19,2,0) -> 9
B11: Typical Upper Limit (Table 4-5) | F11: =VLOOKUP($F$9,[1]Lookup!$B$12:$D$19,3,0) -> 11
B12: Level of Effort (Table 4-6) | F12: Medium Effort
A13: C | B13: Total Percentage Basis Fees (at R 11.5m CoW benchmark, Figure 4-1) | F13: =IF(F12="Less Effort",F10,IF(F12="medium effort",(F10+F11)/2,F11)) -> 10
A14: D | B14: Calculated Percentage Basis Fees (at Estimated CoW, Figure 4-1) | F14: =IF(F9="M",F13,IF(G7<11500000,F13-6+41.3747-5.0433*LOG(G7),IF(G7=11500000,F13,IF(G7>11500000,F13+16.3-100*0.023*LOG10(G7))))) -> 9.9413478 | G14: =F14*G7/100 -> 1287961.2
A15: E | B15: Total Percentage Basis Fees (corrected) | F15: =IF(F9="M",F14,IF(F14>4,F14,4)) -> 9.9413478
A16: F | B16: Scope of Alterations Work (%) | F16: 0
A17: G | B17: Scope of Duplication of Works (%) | F17: 0
B18: Note: Duplication Works Factor applies to design fees only
A19: H | B19: Plus Additional Fee due to Alterations Work: D x F x 25% | G19: =G14*F16*0.25 -> 0
A20: I | B20: Less Reduction of Fees due to Duplication of Works: D x 60% x G x 75% | G20: =-G14*0.6*F17*0.75 -> 0
B21: Subtotal 1 (fees before Discount) | G21: =SUM(G14:G20) -> 1287961.2
A22: J | B22: Less Discount | F22: 0.16 | G22: =-G21*F22 -> -206073.78
B25: TOTAL PERCENTAGE BASIS FEES | G25: =G21+G22 -> 1081887.4
B27: BREAKDOWN OF FEES | C27: % STAGE | D27: % OF TOTAL | E27: TO DATE | F27: LESS PREVIOUS | G27: NOW DUE
B28: Report Stage | E28: 0 | F28: 0 | G28: =E28-F28 -> 0
A29: J1 | B29: Inception | C29: 1 | D29: 5 | E29: =ROUND($G$25*D29/100*C29,2) -> 54094.37 | F29: 0 | G29: =E29-F29 -> 54094.37
A30: J2 | B30: Concept and Viability | C30: 1 | D30: 25 | E30: =ROUND($G$25*D30/100*C30,2) -> 270471.84 | F30: 0 | G30: =E30-F30 -> 270471.84
A31: J3 | B31: Design Development, | C31: 1 | D31: 25 | E31: =ROUND($G$25*D31/100*C31,2) -> 270471.84 | F31: 0 | G31: =E31-F31 -> 270471.84
A32: J4 | B32: Documentation and Procurement | C32: 1 | D32: 15 | E32: =ROUND($G$25*D32/100*C32,2) -> 162283.1 | F32: 0 | G32: =E32-F32 -> 162283.1
A33: J5 | B33: Contract Administration and Inspection | C33: 1 | D33: 25 | E33: =ROUND($G$25*D33/100*C33,2) -> 270471.84 | F33: 0 | G33: =E33-F33 -> 270471.84
A34: J6 | B34: Close-Out | C34: 1 | D34: 5 | E34: =ROUND($G$25*D34/100*C34,2) -> 54094.37 | F34: 0 | G34: =E34-F34 -> 54094.37
A35: SUBTOTAL, PERCENTAGE BASIS FEES | E35: =SUM(E29:E34) -> 1081887.4 | F35: =SUM(F29:F34) -> 0 | G35: =SUM(G29:G34) -> 1081887.4
A37: K | B37: TRAVELLING | G37: 500000
A38: K1 | B38: Travelling (Mileage) | C38: Km | D38: 3days a month by 440km by12months @ R5.5/km
A39: K2 | B39: Travelling (Time) | C39: Time | D39: 6 hrs/day, 3days/month for 12months @ R850
A40: K3 | B40: Toll Gates
A42: L | B42: SPECIALIST SERVICES
A43: L1 | B43: Land Surveyor | G43: ='[1]Cost Estimates'!F6 -> 200000
A44: L2 | B44: Environmental Study | G44: ='[1]Cost Estimates'!F8 -> 350000
A45: L3 | B45: Geotechnical Study | G45: ='[1]Cost Estimates'!F5 -> 300000
A48: SUBTOTAL, DISBURSEMENTS | G48: =SUM(G37:G45) -> 1350000
A50: SUBTOTAL | G50: =G48+G35 -> 2431887.4
A54: 15% VAT | G54: =0.15*G50 -> 364783.1
A57: TOTAL PROFESSIONAL FEES | G57: =G50+G54 -> 2796670.5

Sheet Sheet3

Sheet Sheet4

Sheet Sheet5

Sheet Sheet6

Sheet Sheet7

Sheet Sheet8

Sheet Sheet9

Sheet Sheet10

Sheet Sheet11

Sheet Sheet12

Sheet Sheet13

Sheet Sheet14

Sheet Sheet15

Sheet Sheet16

Sheet Sheet17

Sheet Sheet18

Sheet Sheet19

Sheet Sheet20

Sheet Sheet21

Sheet Sheet22

Sheet Sheet23

Sheet Sheet24

Sheet Sheet25

Sheet Sheet26

Sheet Sheet27

Sheet Sheet28

Sheet Preliminaries
A1: Item No. | B1: Refer | C1: Description of the item | D1: Unit | E1: Qty | F1: Rate | H1: Price (R)
F2: Supply | G2: Install
C3: SCHEDULE 1
A4: 1 | B4: SANS | C4: PRELIMINARIES
B5: 1200A
A6: 1.1 | C6: NLM’s specific requirements
A7: 1.1.1 | C7: Contractual requirements i.e insurances, statutory contributions etc | D7: Months | E7: 24 | F7: =20000 -> 20000 | H7: =SUM(F7:G7)*E7 -> 480000
A8: 1.1.2 | C8: Establishment of facilities on site such as plant, sheds, water, electricity, lighting, sanitary facilities, stores, communication, concrete batching and mixing, setting out, contractors sign board
A9: 1.1.2.1 | C9: Offices | D9: Months | E9: =E7 -> 24 | F9: 10000 | H9: =SUM(F9:G9)*E9 -> 240000
A10: 1.1.2.2 | C10: Staff Accommodation | D10: Months | E10: =E9 -> 24 | F10: 10000 | H10: =SUM(F10:G10)*E10 -> 240000
A11: 1.1.2.3 | C11: Security(24 hours), Armed Response | D11: Months | E11: =E9 -> 24 | F11: 20000 | H11: =SUM(F11:G11)*E11 -> 480000
A12: 1.1.2.4 | C12: Stores (Materials & Equipment) | D12: Months | E12: =E10 -> 24 | F12: 10000 | H12: =SUM(F12:G12)*E12 -> 240000
A13: 1.1.2.5 | C13: Water, Sanitation & Electricity | D13: Months | E13: =E11 -> 24 | F13: 10000 | H13: =SUM(F13:G13)*E13 -> 240000
A14: 1.1.2.6 | C14: Communication | D14: Months | E14: =E12 -> 24 | F14: 3000 | H14: =SUM(F14:G14)*E14 -> 72000
A15: 1.1.2.7 | C15: Community Liason Officer for the duration of Contract | D15: Months | E15: =E13 -> 24 | F15: 10000 | H15: =SUM(F15:G15)*E15 -> 240000
A16: 1.1.2.8 | C16: Training for Student | D16: Months | E16: =E14 -> 24 | F16: 10000 | H16: =SUM(F16:G16)*E16 -> 240000
A17: 1.1.2.9 | C17: Amount for PSC | D17: Months | E17: =E15 -> 24 | F17: 5000 | H17: =SUM(F17:G17)*E17 -> 120000
A18: 1.1.2.10 | C18: Generic Training | D18: Months | E18: =E16 -> 24 | F18: 5000 | H18: =SUM(F18:G18)*E18 -> 120000
A19: 1.1.3 | C19: Specialist Engineering Detailed Design, Information and Drawings
A20: 1.1.3.1 | C20: Contractor to conduct Earth Resistivity Testing after completion of S/S platform for Detailed Earthmat and Earthing Design | D20: Item | E20: 1 | F20: 30000 | H20: =SUM(F20:G20)*E20 -> 30000
A21: 1.1.3.2 | C21: Contractor to compile Earthmat and Earthing Detail Design for approval by Engineer | D21: Item | E21: 1 | F21: 80000 | H21: =SUM(F21:G21)*E21 -> 80000
A22: 1.1.3.3 | C22: Contractor to compile Protection, Metering, AC/DC & Telecontrol -Detail Design Document including all relevant application drawings and diagrams as per Functional Designs and Specifications for approval by Engineer | D22: Item | E22: 1 | F22: 150000 | H22: =SUM(F22:G22)*E22 -> 150000
A23: 1.1.3.4 | C23: Contractor to produce Protection Settings, including all relevant calculations for approval by Engineer | D23: Item | E23: 1 | F23: 100000 | H23: =SUM(F23:G23)*E23 -> 100000
A24: Carried Forward | H24: =SUM(H7:H23) -> 3072000
A25: Item No. | B25: Refer | C25: Description of the item | D25: Unit | E25: Qty | F25: Rate | H25: Price (R)
F26: Supply | G26: Install
A27: Brought Forward | H27: =H24 -> 3072000
A28: 1.1.4 | C28: Make provisions for several factory visits & acceptance tests as required and applicable for (1) Transformers (2) HV Equipment (3) MV Switchgear & Control Plant Equipment (To be witnessed by Engineer and Employer representatives: Total 4 x Persons, All Costs and Expenses included) | D28: Item | E28: 1 | F28: 300000 | H28: =SUM(F28:G28)*E28 -> 300000
A29: 1.1.5 | C29: Pre-Commissioning, Final Commissioning, Testing and Handing Over Documentation, Testing Certificates, Test Results, As built Drawings etc complete with sets of all relevant Equipment and Maintenance Manuals
A30: 1.1.5.1 | C30: Earth Mat and all Earthing (Complete) | D30: Item | E30: 1 | F30: 5000 | H30: =SUM(F30:G30)*E30 -> 5000
A31: 1.1.5.2 | C31: Trfs, HV, MV Equipment & Switchgear (Complete) | D31: Item | E31: 1 | F31: 5000 | H31: =SUM(F31:G31)*E31 -> 5000
A32: 1.1.5.3 | C32: Primary Plant (Complete) | D32: Item | E32: 1 | F32: 5000 | H32: =SUM(F32:G32)*E32 -> 5000
A33: 1.1.5.4 | C33: Control Plant (Complete) | D33: Item | E33: 1 | F33: 5000 | H33: =SUM(F33:G33)*E33 -> 5000
A34: 1.1.5.5 | C34: MV & LV & Control Cables (Complete) | D34: Item | E34: 1 | F34: 5000 | H34: =SUM(F34:G34)*E34 -> 5000
A35: 1.1.6 | C35: Removal of site establishment on completion of contract as per EMP | D35: Item | E35: 1 | F35: 25000 | H35: =SUM(F35:G35)*E35 -> 25000
A36: 1.1.7 | C36: Special Safety (OHS Act) requirement by Client | D36: Item | E36: 1 | F36: 10000 | H36: =SUM(F36:G36)*E36 -> 10000
A37: 1.1.8 | C37: Establishment of Plant & Equipment | D37: Item | E37: 1 | F37: 10000 | H37: =SUM(F37:G37)*E37 -> 10000
A38: 1.1.9 | C38: Inspections by Client | D38: Item | E38: 1 | F38: 10000 | H38: =SUM(F38:G38)*E38 -> 10000
A39: 1.1.10 | C39: Environmental requirements by Client | D39: Item | E39: 1 | F39: 10000 | H39: =SUM(F39:G39)*E39 -> 10000
A40: 1.1.11 | C40: Establish fencing team | D40: Item | E40: 1 | F40: 10000 | H40: =SUM(F40:G40)*E40 -> 10000
A41: 1.1.12 | C41: Transport to approved stores in Ngwathe for all surplus or redundant material or equiment all | D41: Item | E41: 1 | F41: 50000 | H41: =SUM(F41:G41)*E41 -> 50000
A42: 1.2 | C42: Contractor’s Monthly related items:
A43: 1.2.1 | C43: Contractual requirements-EPWP-Report | D43: Months | E43: =E18 -> 24 | F43: 500 | H43: =SUM(F43:G43)*E43 -> 12000
A44: 1.2.2 | C44: Operation & maintenance of facilities | D44: Months | E44: =E43 -> 24 | F44: 500 | H44: =SUM(F44:G44)*E44 -> 12000
A45: 1.2.3 | C45: Management & Supervision
A46: 1.2.3.1 | C46: Management & Supervision of the works: Appointment of an Authorised Person (HV Regulation Qualified, Full Time Supervisor) Compulsory to provide & list the name(s) of Authorised Person and his credentials for the durarion of the contract | D46: Months | E46: =E44 -> 24 | F46: 22700 | H46: =SUM(F46:G46)*E46 -> 544800
A47: Carried Forward | H47: =SUM(H27:H46) -> 4090800
A48: Item No. | B48: Refer | C48: Description of the item | D48: Unit | E48: Qty | F48: Rate | H48: Price (R)
F49: Supply | G49: Install
A50: Brought Forward | H50: =H47 -> 4090800
A51: 1.2.4 | C51: Company & head office overhead costs | D51: Months | E51: =E44 -> 24 | F51: 15000 | H51: =SUM(F51:G51)*E51 -> 360000
A52: 1.2.5 | C52: Programme and Planning | D52: Months | E52: =E51 -> 24 | F52: 10000 | H52: =SUM(F52:G52)*E52 -> 240000
A53: 1.2.6 | C53: PC amount for transport and offloading of all materials and equipment forming part of this contract which the contractor shall be responsible for to this site | D53: Item | E53: 1 | F53: 300000 | H53: =SUM(F53:G53)*E53 -> 300000
A54: 1.2.7 | C54: Construction Plants-Hire | D54: Months | E54: =E52 -> 24 | F54: 10500 | H54: =SUM(F54:G54)*E54 -> 252000
A55: 1.2.8 | C55: Receiving taking control and administering material.Store Man | D55: Months | E55: =E54 -> 24 | F55: 12913.24 | H55: =SUM(F55:G55)*E55 -> 309917.76
A56: 1.2.9 | C56: Arrangement with NLM control, obtaining permits, arranging outages etc and to energise sub. | D56: Item | E56: 3 | F56: 15000 | H56: =SUM(F56:G56)*E56 -> 45000
A57: 1.2.10 | C57: For the services of an external Professional COW for use During Construction | D57: Months | E57: =E55 -> 24 | F57: 15000 | H57: =SUM(F57:G57)*E57 -> 360000
A58: 1.2.11 | C58: Specialist for the Environmental Management services for use During Construction | D58: Months | E58: =E57 -> 24 | F58: 15000 | H58: =SUM(F58:G58)*E58 -> 360000
A59: 1.3 | C59: Prime Cost Items:
A60: 1.3.1 | C60: PC amount for temporary access to works to allow for construction and delivery of materials incl transformers to site, reinstate to original or desired condition | D60: item | E60: 1 | F60: 55000 | H60: =(F60+G60)*E60 -> 55000
A61: 1.3.2 | C61: For Compaction testing of earthworks by a commercial laboratory | D61: item | E61: 1 | F61: 50000 | H61: =SUM(F61:G61)*E61 -> 50000
A62: 1.3.3 | C62: Cost for compliance to Construction Regulations requirements as well as Cost for Compliance to Health and Safety Specification, Special Safety (OHS Act) requirements by Client, compiling a Health and Safety Plan, Establishment of Plant and Equipment, Inspections by Eskom and Client
A63: 1.3.3.1 | C63: Personal Protective Equipment | D63: Years | E63: 2 | F63: 15000 | H63: =SUM(F63:G63)*E63 -> 30000
A64: 1.3.3.2 | C64: Compliance with Safety Plan & Safety File | D64: Months | E64: =E58 -> 24 | F64: 500 | H64: =SUM(F64:G64)*E64 -> 12000
A65: 1.3.3.3 | C65: Statutory Health and Safety Appointments | D65: Months | E65: =E64 -> 24 | F65: 500 | H65: =SUM(F65:G65)*E65 -> 12000
A66: 1.3.3.4 | C66: Health and Safety Training | D66: Months | E66: =E65 -> 24 | F66: 3500 | H66: =SUM(F66:G66)*E66 -> 84000
A67: 1.3.3.5 | C67: First Aid | D67: Months | E67: =E66 -> 24 | F67: 500 | H67: =SUM(F67:G67)*E67 -> 12000
A68: 1.3.4 | C68: Environmental Management Requirements
A69: 1.3.4.1 | C69: Compliance with Environmental Legislation as well as environmental specifications included and or referred to in this document and Waste Disposal | D69: Months | E69: =E64 -> 24 | F69: 3000 | H69: =SUM(F69:G69)*E69 -> 72000
A70: Subtotal carried to Item 1 of Summary

Sheet Earthworks
A2: Item No | B2: Reference/ | C2: Description of the Item | D2: Unit | E2: Qty | F2: Rate | G2: Price (R)
B3: Drawing No
C4: SCHEDULE 3
A5: 3 | B5: SABS 1200C | C5: SITE WORKS
A6: 3.1 | B6: SABS 1200C | C6: Site Preparation
A7: 3.1.1 | C7: Conduct Geotech Studies. | D7: item | E7: 1 | F7: 20000 | G7: =F7*E7 -> 20000
A8: 3.2 | B8: SABS 1200D | C8: Earthworks (Excavations)
A9: 3.2.1 | C9: Excavations - Removal of insitu material and disposal to an approved dumping site (120m x 100m x 2m) | D9: m³ | E9: =100*120*2 -> 24000 | F9: 115 | G9: =E9*F9 -> 2760000
A10: 3.2.2 | C10: Import G6 material from approved borrow pit and compact to 95% MOD AASHTO (As per Geotech recommendations) | D10: m³ | E10: =100*120*2.3*1.2 -> 33120 | F10: 200 | G10: =F10*E10 -> 6624000
A11: 3.2.3 | C11: Import G6 material from commercial source and compact to 95% MOD AASHTO (As per Geotech recommendations) | D11: m³ | E11: =E10 -> 33120 | G11: Rate only
A12: 3.2.4 | C12: Excavate Earth Mat Trial Holes to Verify Earthmat Positions 20 Holes of ( 1m x1m x 1.2m) | D12: each | E12: 20 | F12: 2000 | G12: =F12*E12 -> 40000
A13: 3.2.5 | C13: Excavate Earth Mat Trenches, Area of 100m x 100m for Earthmat | D13: m2 | E13: 1000 | F13: 200 | G13: =F13*E13 -> 200000
A14: 3.3 | C14: Disposal of Burden Specify
A15: 3.3.1 | C15: Limited Haul 6m³ | D15: km | E15: =(E9/6)*10*0.8 -> 32000 | F15: 15 | G15: =F15*E15 -> 480000
A16: 3.3.2 | C16: Long Haul 6m³ | D16: km | E16: =(E9/6)*20*0.2 -> 16000 | F16: 15 | G16: =F16*E16 -> 240000
A17: Subtotal carried to Item 3 of Summary

Sheet Site Clearance 
A2: Item No | B2: Reference/ | C2: Description of the Item | D2: Unit | E2: Qty | F2: Rate | G2: Price (R)
B3: Drawing No
A4: 2 | C4: SCHEDULE 2
A5: 2.2 | B5: SABS 1200C | C5: SITE CLEARANCE
C6: Note: All Steel, Copper and Aluminium to be set aside for controlled NLM disposal via specified scrap merchant. The scrap value to be offset against project
C7: All building rubble and spoil to be removed and disposed at a site/pit of the contractors own choice. Transport and dumping costs for the disposal of rubble and spoil to be included in the clearance rates
A8: 2.2.1 | B8: SABS 1200C | C8: Site Preparation
A9: 2.2.2.1 | C9: Clear and Grub site terrace for entire substation, Note: This Activity will be done in 3 phases, Within Project Phase of 36Months (150m x 150m ) | D9: m² | E9: =150*150 -> 22500 | F9: 35 | G9: =F9*E9 -> 787500
A10: 2.2.2.2 | C10: Application of Herbicides and Pesticides over the complete terrace(150m x 150m) | D10: m² | E10: =150*150 -> 22500 | F10: 15 | G10: =F10*E10 -> 337500
A11: 2.2.2.3 | C11: Demolish and remove structures/ concrete foundations, cables and dismantle steelwork
A12: 2.2.2.4 | B12: GEM:006-01-04 | C12: Remove topsoil to nominal depth of (150mm x150m x150m) and stockpile and maintain | D12: m³ | E12: =0.15*150*150 -> 3375 | F12: 60 | G12: =F12*E12 -> 202500
A13: Subtotal carried to Item 2 of Summary

Sheet Site Clearance Old
A2: Item No | B2: Reference/ | C2: Description of the Item | D2: Unit | E2: Qty | F2: Rate | G2: Price (R)
B3: Drawing No
A4: 2 | C4: SCHEDULE 2
A5: 2.2 | B5: SABS 1200C | C5: SITE CLEARANCE
C6: Note: All Steel, Copper and Aluminium to be set aside for controlled NLM disposal via specified scrap merchant. The scrap value to be offset against project
C7: All building rubble and spoil to be removed and disposed at a site/pit of the contractors own choice. Transport and dumping costs for the disposal of rubble and spoil to be included in the clearance rates
A8: 2.2.1 | B8: SABS 1200C | C8: Site Preparation
A9: 2.2.2.1 | C9: Clear and Grub site terrace for entire substation, Note: This Activity will be done in 3 phases, Within Project Phase of 36Months (150m x 150m ) | D9: m² | E9: =150*150 -> 22500 | F9: 18.65 | G9: =F9*E9 -> 419625
A10: 2.2.2.2 | C10: Application of Herbicides and Pesticides over the complete terrace(150m x 150m) | D10: m² | E10: =150*150 -> 22500 | F10: 15 | G10: =F10*E10 -> 337500
A11: 2.2.2.3 | C11: Demolish and remove structures/ concrete foundations, cables and dismantle steelwork
A12: 2.2.2.4 | B12: GEM:006-01-04 | C12: Remove topsoil to nominal depth of (150mm x150m x150m) and stockpile and maintain | D12: m³ | E12: =0.15*150*150 -> 3375 | F12: 55 | G12: =F12*E12 -> 185625
A13: Subtotal carried to Item 2 of Summary | G13: =SUM(G9:G12) -> 942750

Sheet Earthworks OLD
A2: Item No | B2: Reference/ | C2: Description of the Item | D2: Unit | E2: Qty | F2: Rate | G2: Price (R)
B3: Drawing No
C4: SCHEDULE 3
A5: 3 | B5: SABS 1200C | C5: SITE WORKS
A6: 3.1 | B6: SABS 1200C | C6: Site Preparation
A7: 3.1.1 | C7: Conduct Geotech Studies. | D7: item | E7: 1 | F7: 11484 | G7: =F7*E7 -> 11484
A8: 3.2 | B8: SABS 1200D | C8: Earthworks (Excavations)
A9: 3.2.1 | C9: Bulk Earthworks (Formation of Platform) (100m X 120m x 1.5) | D9: m³ | E9: =100*120*1.5 -> 18000 | F9: 400 | G9: =E9*F9 -> 7200000
A10: 3.2.2 | C10: Excavate Earth Mat Trial Holes to Verify Earthmat Positions 20 Holes of ( 1m x1m x 1.2m) | D10: each | E10: 20 | F10: 4500 | G10: =F10*E10 -> 90000
A11: 3.2.3 | C11: Excavate Earth Mat Trenches, Area of 100m x 100m for Earthmat | D11: m2 | E11: 1000 | F11: 145 | G11: =F11*E11 -> 145000
A12: 3.3 | C12: External and Station Site Access Road
A13: 3.3.1 | C13: Prepare Access road for TRF Delivery 640m x 5m from Main Entrance Gate to Sub Embarkment | D13: m2 | E13: =640*5 -> 3200 | F13: 150 | G13: =F13*E13 -> 480000
A15: 3.4 | C15: Disposal of Burden Specify
A16: 3.4.1 | C16: Limited Haul 6m³ | D16: km | E16: 4000 | F16: 14.7 | G16: =F16*E16 -> 58800
A17: 3.4.2 | C17: Long Haul 6m³ | D17: km | E17: 2500 | F17: 14.7 | G17: =F17*E17 -> 36750
A18: Subtotal carried to Item 3 of Summary | G18: =SUM(G7:G17) -> 8022034

Sheet Excavation & Control Trench 
A2: Item No | B2: Reference/ | C2: Description of the Item | D2: Unit | E2: Qty | F2: Rate | G2: Price (R)
B3: Drawing No
C4: SCHEDULE 4
A5: 4 | B5: SABS 1200BD | C5: Earthworks (Trenches)
A6: 4.1 | C6: Excavate in all materials for trenches, backfill, compact and dispose of surplus material
A8: 4.1.1 | B8: D-DT 0854 | C8: 88kV High Voltage Cable Trench 270m x 1m x 2.25m for 2 x 88kV FDRS | D8: m³ | E8: =270*2.25*1*2 -> 1215 | F8: 115 | G8: =F8*E8 -> 139725
A9: 4.1.2 | B9: D-DT 0854 | C9: 6.6kV Medium Voltage Cable Trench for 6.6kV 2 x FDR on new Switch Room (4.8m W x 1m D x 65m L) | D9: m³ | E9: =4.8*1*65*2 -> 624 | F9: 115 | G9: =F9*E9 -> 71760
A10: 4.1.3 | B10: D-DT 5245 | C10: Excavate Control Cable Trenches and Dispose Of Material (393m L x 820mm W X 415mm D) | D10: m³ | E10: =393*0.82*0.415 -> 133.7379 | F10: 115 | G10: =F10*E10 -> 15379.859
A11: 4.1.5 | B11: D-DT 0854 | C11: Excavate 6.6kV Cable Trenches for the MV B/B Coupling Cables Between TRF 1 and TRF2&3 and Dispose Of Material (85m L x 1m W X 1.2m D) | D11: m³ | E11: =85*1.2*1 -> 102 | F11: 115 | G11: =F11*E11 -> 11730
A12: 4.2 | B12: D-DT 0854 | C12: Make-up deficiency in backfill material by importation from borrow pit /commercial sources designated by contractor (provisional)
A13: 4.2.1 | B13: D-DT 0854 | C13: Sift Backfil Soil Selected granular material to12mm grade for all excavated back fill soils. | D13: m³ | E13: =SUM(E8:E12) -> 2074.7379 | F13: 90 | G13: =E13*F13 -> 186726.41
A14: 4.2.2 | B14: D-DT 0854 | C14: Import / Selected fill material with thermal resistivity of ≤ 1.2 for all Control Cable 30mm as Per D-DT5245 Control Cable Trenches.(393m L x 820mm W X 30mm D) | D14: m³ | E14: =393*0.82*0.03 -> 9.6678 | F14: 200 | G14: =E14*F14 -> 1933.56
A15: 4.2.3 | B15: D-DT 0854 | C15: Internal Road Surfaces complete with all courses .. 80mm Interlocking Paving blocks from Security Gate to Sub Entrance gate roadway (5m x 100mm x 110m) | D15: m2 | E15: =5*110 -> 550 | F15: 600 | G15: =E15*F15 -> 330000
A16: 4.2.4 | C16: Compaction in Road reserves | D16: m | E16: 110 | F16: 550 | G16: =F16*E16 -> 60500
A17: Subtotal carried to Item 4 of Summary

Sheet Excavation & Control Trench old
A2: Item No | B2: Reference/ | C2: Description of the Item | D2: Unit | E2: Qty | F2: Rate | G2: Price (R)
B3: Drawing No
C4: SCHEDULE 4
A5: 4 | B5: SABS 1200BD | C5: Earthworks (Trenches)
A6: 4.1 | C6: Excavate in all materials for trenches, backfill, compact and dispose of surplus material
A8: 4.1.1 | B8: D-DT 0854 | C8: 88kV High Voltage Cable Trench 270m x 1m x 2.25m for 2 x 88kV FDRS | D8: m³ | E8: =270*2.25 -> 607.5 | F8: 306 | G8: =F8*E8 -> 185895
A9: 4.1.2 | B9: D-DT 0854 | C9: 6.6kV Medium Voltage Cable Trench for 6.6kV 2 x FDR on new Switch Room (4.8m W x 1m D x 65m L) | D9: m³ | E9: 312 | F9: 306 | G9: =F9*E9 -> 95472
A10: 4.1.3 | B10: D-DT 5245 | C10: Excavate Control Cable Trenches and Dispose Of Material (393m L x 820mm W X 415mm D) | D10: m³ | E10: 134 | F10: 306 | G10: =F10*E10 -> 41004
A11: 4.1.5 | B11: D-DT 0854 | C11: Excavate 6.6kV Cable Trenches for the MV B/B Coupling Cables Between TRF 1 and TRF2&3 and Dispose Of Material (85m L x 1m W X 1.2m D) | D11: m³ | E11: 102 | F11: 306 | G11: =F11*E11 -> 31212
A12: 4.2 | B12: D-DT 0854 | C12: Make-up deficiency in backfill material by importation from borrow pit /commercial sources designated by contractor (provisional)
A13: 4.2.1 | B13: D-DT 0854 | C13: Sift Backfil Soil Selected granular material to12mm grade for all excavated back fill soils. | D13: m³ | E13: 1021 | F13: 137 | G13: =E13*F13 -> 139877
A14: 4.2.2 | B14: D-DT 0854 | C14: Import / Selected fill material with thermal resistivity of ≤ 1.2 for all Control Cable 30mm as Per D-DT5245 Control Cable Trenches.(393m L x 820mm W X 30mm D) | D14: m³ | E14: 97 | F14: 166 | G14: =E14*F14 -> 16102
A15: 4.2.3 | B15: D-DT 0854 | C15: Reinstate Road Surfaces complete with all courses .. G5 Material from Security Gate to Sub Entrance gate roadway (5m x 100mm x 110m) | D15: Item | E15: 1 | F15: 45000 | G15: =E15*F15 -> 45000
A16: 4.2.4 | C16: Compaction in Road reserves | D16: m | E16: 40 | F16: 550 | G16: =F16*E16 -> 22000
A17: Subtotal carried to Item 4 of Summary | G17: =SUM(G8:G16) -> 576562

Sheet Concrete
A2: Item | B2: Refer | C2: Description of the item | D2: Unit | E2: Qty | F2: Rate | I2: Price (R)
A3: No. | F3: Supply | H3: Install
C4: SCHEDULE 5
A5: 5 | C5: CONCRETE
A6: 5.1 | C6: Foundations
C7: Foundations and concrete structures to be supplied complete with Formwork, reinforcing, concrete to specified strength using aggregates as per drawings, price inclusive of holding down bolts, frame and grouting
A8: 5.1.1 | B8: D-DT 5204 s1 | C8: 132kV Isolator support fdn | D8: each | E8: 2 | F8: 9500 | H8: 4750 | I8: =SUM(F8:H8)*E8 -> 28500
A9: 5.1.2 | B9: D-DT 5204 s2 | C9: 6.6kV Isolator support fdn | D9: each | E9: 3 | F9: 5500 | H9: 2750 | I9: =SUM(F9:H9)*E9 -> 24750
A10: 5.1.3 | B10: D-DT5206 | C10: 132kV Circuit Breaker support fdn | D10: each | E10: 2 | F10: 13750 | H10: 6875 | I10: =SUM(F10:H10)*E10 -> 41250
A11: 5.1.4 | B11: D-DT 5206 s1 | C11: 132kV CT support fdn | D11: each | E11: =1*3*2 -> 6 | F11: 8750 | H11: 4375 | I11: =SUM(F11:H11)*E11 -> 78750
A12: 5.1.5 | B12: D-DT 5206 s1 | C12: 6.6kV NER fdn | D12: each | E12: 2 | F12: 12500 | H12: 6250 | I12: =SUM(F12:H12)*E12 -> 37500
A13: 5.1.6 | B13: D-DT 5231s1 | C13: Transformer Plinth Slipway, Catchment pit, Sump including brickwork (bundwall) suitable for 10MVA transformer complete as per Dwg D-DT-5232 | D13: each | E13: 2 | F13: 95200 | H13: =F13*0.3 -> 28560 | I13: =SUM(F13:H13)*E13 -> 247520
A14: 5.1.7 | B14: D-DT 5271s1 | C14: 132kV HV Cable termination fdn CES | D14: each | E14: 6 | F14: 8750 | H14: 4375 | I14: =SUM(F14:H14)*E14 -> 78750
A15: 5.1.8 | B15: D-DT 5213s2 | C15: 6.6kV MV cable end support fdn | D15: each | E15: 6 | F15: 8750 | H15: 4375 | I15: =SUM(F15:H15)*E15 -> 78750
A16: 5.1.9 | B16: D-DT 5218s1 | C16: Fire wall support fdn | D16: each | E16: 2 | F16: 65000 | H16: 6375 | I16: =SUM(F16:H16)*E16 -> 142750
A17: 5.1.10 | B17: D-DT 5217s1 | C17: Lightning/Lighting mast fdn | D17: each | E17: 2 | F17: 14500 | H17: 7250 | I17: =SUM(F17:H17)*E17 -> 43500
A18: 5.1.11 | C18: Ner Terminal Supt fdn | D18: each | E18: 2 | F18: 5118 | H18: 4325 | I18: =SUM(F18:H18)*E18 -> 18886
A19: 5.1.12 | B19: D-DT 5206 s1 | C19: 88kV VT support fdn | D19: each | E19: 6 | F19: 8750 | H19: 4375 | I19: =SUM(F19:H19)*E19 -> 78750
A20: 5.1.13 | B20: D-DT 5226 s1 | C20: 132kV busbar Tubular fdn | D20: each | E20: 0 | F20: 4375 | H20: 4375 | I20: =SUM(F20:H20)*E20 -> 0
A21: 5.1.14 | B21: D-DT 5210 | C21: 132kV Terminal Support fdn | D21: each | E21: 0 | F21: 5995 | H21: 8500 | I21: =SUM(F21:H21)*E21 -> 0
A22: 5.1.15 | B22: D-DT 5210 | C22: 6.6kV Cable End Support fdn | D22: each | E22: 2 | F22: 5995 | H22: 8500 | I22: =SUM(F22:H22)*E22 -> 28990
A23: Subtotal carried to Item 5 of Summary | G23: R

Sheet Structural Steel Work
A2: Item | B2: Refer | C2: Description of the item | D2: Unit | E2: Qty | F2: Rate | H2: Price (R)
A3: No. | F3: Supply | G3: Install
C4: SCHEDULE 6
A5: 6 | B5: SANS 1200H | C5: ERECTION OF STEELWORK
C6: Supply and fabrication
A7: 6.1 | C7: Preparation of shop detail drawings | D7: item | E7: 1 | F7: 65000 | H7: =E7*F7 -> 65000
A8: 6.2 | C8: Supply, fabrication, delivery and erection of steelwork, complete with all the necessary cleats, brackets, gussets packs, etc. using steel to SABS 1431 Grade 300 WA for electrical equipment support
A9: 6.2.1 | C9: All steelwork to be hot dipped galvanized to SABS spec 763 - in accordance with SABS 1200HC
A10: 6.2.2 | C10: Price to include erection, bolts, nuts and rivets
A11: 6.2.3 | C11: 132kV Circuit Breaker support | D11: each | E11: =Concrete!E10 -> 2 | F11: 21106.51 | G11: 4736 | H11: =SUM(F11:G11)*E11 -> 51685.02
A12: 6.2.4 | B12: D-DT 5204 s2 | C12: 132kV Isolator support | D12: each | E12: =Concrete!E8 -> 2 | F12: 29959.23 | G12: 5214 | H12: =SUM(F12:G12)*E12 -> 70346.46
A13: 6.2.5 | B13: D-DT 5206 s3 | C13: 132kV CT – 2.5m ME support | D13: each | E13: 2 | F13: 9563.71 | G13: 2361 | H13: =SUM(F13:G13)*E13 -> 23849.42
A14: 6.2.6 | B14: D-DT 5215 | C14: 132kV CT support cap | D14: each | E14: 2 | F14: 3117.3 | G14: 689 | H14: =SUM(F14:G14)*E14 -> 7612.6
A15: 6.2.7 | B15: D-DT 5213s3 | C15: 132kV HV Cable termination support | D15: each | E15: 6 | F15: 6029.42 | G15: 2361 | H15: =SUM(F15:G15)*E15 -> 50342.52
A16: 6.2.8 | B16: D-DT5215 | C16: 132kV HV SA support Cap | D16: each | E16: 6 | F16: 6029.42 | G16: 689 | H16: =SUM(F16:G16)*E16 -> 40310.52
A17: 6.2.9 | B17: D-DT 5213s3 | C17: MV cable end support | D17: each | E17: 4 | F17: 29566.67 | G17: 2361 | H17: =SUM(F17:G17)*E17 -> 127710.68
A18: 6.2.10 | B18: D-DT 5218s2 | C18: Fire wall support | D18: each | E18: 2 | F18: 19655 | G18: 4250 | H18: =SUM(F18:G18)*E18 -> 47810
A19: 6.2.11 | B19: D-DT 5217 | C19: 21m Lightning/Lighting mast support | D19: each | E19: 2 | F19: 68539 | G19: 7328 | H19: =SUM(F19:G19)*E19 -> 151734
A20: 6.2.12 | B20: D-DT 5206 s1 | C20: 88kV VT – 2.5m ME support | D20: each | E20: 6 | F20: 9563.71 | G20: 1241.58 | H20: =SUM(F20:G20)*E20 -> 64831.74
A21: 6.2.13 | B21: D-DT 5226 s1 | C21: 88kV busbar Tubular Support | D21: each | E21: 0 | F21: 25639.51 | G21: 4024 | H21: =SUM(F21:G21)*E21 -> 0
A22: 6.2.14 | B22: D-DT5208 | C22: 88kV Tubular 26 (12mL X 120mm x 4mm) | D22: each | E22: 0 | F22: 6427 | G22: 1895 | H22: =SUM(F22:G22)*E22 -> 0
A23: 6.2.15 | B23: D-DT 5206 s6 | C23: 88kV VT support cap | D23: each | E23: 2 | F23: 3117.3 | G23: 689 | H23: =SUM(F23:G23)*E23 -> 7612.6
A24: 6.2.16 | B24: D-DT 5205 | C24: ISOLATOR 6.6kV 2500A 31kA Support | D24: each | E24: 2 | F24: 12433.67 | G24: 2361 | H24: =SUM(F24:G24)*E24 -> 29589.34
A25: 6.2.17 | B25: D-Dt3189 | C25: Insul, Line Post132kV 10kN 31mm/kV | E25: 15 | F25: 8566.98 | G25: 950 | H25: =SUM(F25:G25)*E25 -> 142754.7
A26: 6.2.18 | C26: 6m line Terminals | D26: each | E26: 3 | F26: 29655.7 | G26: 2750 | H26: =SUM(F26:G26)*E26 -> 97217.1
A27: Carried Forward | H27: =SUM(H7:H26) -> 978406.7
A28: Item | B28: Refer | C28: Description of the item | D28: Unit | E28: Qty | F28: Rate | H28: Price (R)
A29: No. | F29: Supply | G29: Install
A30: Brought Forward | H30: =H27 -> 978406.7
A31: 6.2.19 | C31: Column - 132/C Lattice Steel, Steelwork Manufaturing Details & Assembly - (10,668 Stringer Height) | D31: each | E31: 0 | F31: 57847.73 | G31: 5250 | H31: =(F31+G31)*E31 -> 0
A32: 6.2.20 | C32: Beam - 132/C40/1 Lattice Steel, Steelwork Manufaturing Details & Assembly | D32: each | E32: 0 | F32: 41243.77 | G32: 18395.177 | H32: =(F32+G32)*E32 -> 0
A33: 6.2.21 | C33: Earthwire support - 132/EW Lattice Steel, Steelwork Manufaturing Details & Assembly | D33: each | E33: 0 | F33: 18889.53 | G33: 1250 | H33: =(F33+G33)*E33 -> 0
A34: Subtotal carried to Item 6 of Summary

Sheet Cable Duct
A2: Item | B2: Refer | C2: Description of the item | D2: Unit | E2: Qty | F2: Rate | H2: Price (R)
A3: No. | F3: Supply | G3: Install
C4: SCHEDULE 7
A5: 7 | C5: CABLE CUCT
A6: 7.1 | B6: PSLE3 | C6: Supply and lay rectangular portal culverts and slab as cable trench or cable tunnel,
C7: Alternatively brick built trenches can be provided
A8: 7.1.1 | C8: Supply of Trench covers measured elsewhere
A9: 7.1.1.1 | B9: E-V-0005 | C9: Construct 3000mm x 250mm (765mm L x 230mm W x20mm B) Trench Covers-Control Cables | D9: each | E9: 706 | F9: 558 | G9: 50 | H9: =SUM(F9:G9)*E9 -> 429248
A10: 7.1.1.2 | C10: Construct 3000mm x 250mm 1 x( 1.2m L x 230mm W x 35mm B with 8mm Steel Reinforce- 88kV FDRs | D10: each | E10: 102 | F10: 450 | G10: 50 | H10: =SUM(F10:G10)*E10 -> 51000
A11: 7.2 | B11: D-DT 5245 | C11: Cable Protection Slabs
A12: 7.2.1 | C12: Supply and Lay cable protection slabs 300mm above cable
A13: 7.2.2 | C13: Cable Protection Slabs 900mmx230mmx 20m on Both 88kV Southern FDRs and 6.6kV B/B Coupling Cables-Within Sub. | D13: each | E13: 20 | F13: 375 | G13: 230 | H13: =E13*(F13+G13) -> 12100
A14: 7.3 | C14: Supply Lay and Prove Duct
A15: 7.3.1 | C15: 160mm x 12m PVC Sleeves duct for Cable installation for Switch Room | D15: each | E15: 10 | F15: 245 | G15: 164 | H15: =E15*(F15+G15) -> 4090
H16: =E16*(F16+G16) -> 0
A17: 7.4 | C17: Cable Markers
A18: 7.4.1 | C18: Route Marker for all 88kV FDRs Joints Bays and 6.6kV MV FDR Joint Bays | D18: each | E18: 10 | F18: 387 | G18: 164 | H18: =E18*(F18+G18) -> 5510
A19: Subtotal carried to Item 7 of Summary

Sheet Storm Water Drainage 
A2: Item | B2: Refer | C2: Description of the item | D2: Unit | E2: Qty | F2: Rate | H2: Price (R)
A3: No. | F3: Supply | G3: Install
C4: SCHEDULE 8
A5: 8 | C5: Storm Water Drainage
A6: 8.1 | C6: Yard Stoning
A7: 8.1.1 | B7: SCSASAB | C7: Supply and spread 150mm thick layer of 25mm Yard stones(150m x70m x0.15m) | D7: m³ | E7: =150*70*0.15 -> 1575 | F7: 962 | G7: 169 | H7: =SUM(F7:G8)*E7 -> 1781325
B8: K2 Rev.0
A9: 8.2 | C9: Concrete Slipway (Transformers) Excavate in all material, supply, construct and remove burden
A10: 8.2.1 | C10: Construct 3 x3m x6m x 250mm thick reinforced concrete slip way to the transformers. Reinforcing to be mesh ref. 245 top and bottom. Connect reinforcement to earth grid as per D-DT-5240s10 | D10: m³ | E10: =3*6*0.25*3 -> 13.5 | F10: 6775 | G10: 3387 | H10: =E10*(F10+G10) -> 137187
A11: 8.3 | C11: 300mm Concrete Pipes
C12: Excavate in all material, supply and construct and remove burden:
A13: 8.3.1 | B13: D-DT 5233s2 | C13: Dia 300mm pipes to oil holding dam | D13: m | E13: 100 | F13: 521 | G13: 259 | H13: =SUM(F13:G13)*E13 -> 78000
A14: 8.4 | B14: D-DT 5233s2 | C14: Oil Holding Dam
C15: Excavate in all material, supply and construct and remove burden:
A16: 8.4.1 | C16: An oil holding dam complete with lid | D16: item | E16: 1 | F16: 196364 | G16: 98182 | H16: =SUM(F16:G16)*E16 -> 294546
A17: 8.4.2 | B17: D-DT 5233s2 | C17: An oil trap/filter in series with the oil dam | D17: item | E17: 1 | F17: 19289 | G17: 9860 | H17: =SUM(F17:G17)*E17 -> 29149
A18: 8.5 | C18: Run-way
C19: Excavate in all material, supply and construct and remove burden:
A20: 8.5.1 | C20: 5000mmx250mmthick x 22m long reinforced concrete runway as detailed on drawing (excludes transformer slip ways) Reinforce concrete at cable trench crossings. Connect reinforcement to earth grid | D20: m³ | E20: =5*0.25*22 -> 27.5 | F20: 3100 | G20: =F20*0.3 -> 930 | H20: =E20*(F20+G20) -> 110825
A21: 8.6 | B21: 0.54/390S1 | C21: Manholes
C22: Excavate in all material, supply and construct
A23: 8.6.1 | C23: Manholes (Inside and outside bund wall) | D23: ea | E23: 3 | F23: 12750 | G23: 6375 | H23: =SUM(F23:G23)*E23 -> 57375
A24: 8.6.2 | C24: Excavate & Install Soak Pit Hard Rock | D24: ea | E24: 1 | F24: 43225 | G24: 21612 | H24: =SUM(F24:G24)*E24 -> 64837
A25: Carried Forward | H25: =SUM(H7:H24) -> 2553244
A26: Item | B26: Refer | C26: Description of the item | D26: Unit | E26: Qty | F26: Rate | H26: Price (R)
A27: No. | F27: Supply | G27: Install
A28: Brought Forward | H28: =H25 -> 2553244
C29: Supply Oil Holding Dam Pump , Cables, Switching Control Valves and install Dia 50mm PVC pipes for control cables from transformers and oil pump to cable trenches outside the bund wall | D29: each | E29: 1 | F29: 24963 | G29: 8900 | H29: =E29*(F29+G29) -> 33863
A30: 8.6.3
A31: 8.6.4 | C31: Apply herbicides and insecticides Assistance of applying herbicides and insecticides can be obtained from EMM, Environmental Sciences | D31: m² | E31: 10500 | F31: 15.5 | G31: 5.6 | H31: =E31*(F31+G31) -> 221550
A33: Subtotal carried to Item 8 of Summary

Sheet Storm Water Drainage OLD
A2: Item | B2: Refer | C2: Description of the item | D2: Unit | E2: Qty | F2: Rate | H2: Price (R)
A3: No. | F3: Supply | G3: Install
C4: SCHEDULE 8
A5: 8 | C5: Storm Water Drainage
A6: 8.1 | C6: Yard Stoning
A7: 8.1.1 | B7: SCSASAB | C7: Supply and spread 150mm thick layer of 25mm Yard stones(150m x70m x.15m) | D7: m³ | E7: 1575 | F7: 962 | G7: 169 | H7: =SUM(F7:G8)*E7 -> 1781325
B8: K2 Rev.0
A9: 8.2 | C9: Concrete Slipway (Transformers) Excavate in all material, supply, construct and remove burden
A10: 8.2.1 | C10: Construct 3 x3m x6m x 250mm thick reinforced concrete slip way to the transformers. Reinforcing to be mesh ref. 245 top and bottom. Connect reinforcement to earth grid as per D-DT-5240s10 | D10: m | E10: 18 | F10: 6775 | G10: 3387 | H10: =E10*(F10+G10) -> 182916
A11: 8.3 | C11: 300mm Concrete Pipes
C12: Excavate in all material, supply and construct and remove burden:
A13: 8.3.1 | B13: D-DT 5233s2 | C13: Dia 300mm pipes to oil holding dam | D13: m | E13: 100 | F13: 521 | G13: 259 | H13: =SUM(F13:G13)*E13 -> 78000
A14: 8.4 | B14: D-DT 5233s2 | C14: Oil Holding Dam
C15: Excavate in all material, supply and construct and remove burden:
A16: 8.4.1 | C16: An oil holding dam complete with lid | D16: item | E16: 1 | F16: 196364 | G16: 98182 | H16: =SUM(F16:G16)*E16 -> 294546
A17: 8.4.2 | B17: D-DT 5233s2 | C17: An oil trap/filter in series with the oil dam | D17: item | E17: 1 | F17: 19289 | G17: 9860 | H17: =SUM(F17:G17)*E17 -> 29149
A18: 8.5 | C18: Run-way
C19: Excavate in all material, supply and construct and remove burden:
A20: 8.5.1 | C20: 5000mmx250mmthick x 22m long reinforced concrete runway as detailed on drawing (excludes transformer slip ways) Reinforce concrete at cable trench crossings. Connect reinforcement to earth grid | D20: m | E20: 66 | F20: 6775 | G20: 3387 | H20: =E20*(F20+G20) -> 670692
A21: 8.6 | B21: 0.54/390S1 | C21: Manholes
C22: Excavate in all material, supply and construct
A23: 8.6.1 | C23: Manholes (Inside and outside bund wall) | D23: ea | E23: 3 | F23: 12750 | G23: 6375 | H23: =SUM(F23:G23)*E23 -> 57375
A24: 8.6.2 | C24: Excavate & Install Soak Pit Hard Rock | D24: ea | E24: 1 | F24: 43225 | G24: 21612 | H24: =SUM(F24:G24)*E24 -> 64837
A25: Carried Forward | H25: =SUM(H7:H24) -> 3158840
A26: Item | B26: Refer | C26: Description of the item | D26: Unit | E26: Qty | F26: Rate | H26: Price (R)
A27: No. | F27: Supply | G27: Install
A28: Brought Forward | H28: =H25 -> 3158840
C29: Supply Oil Holding Dam Pump , Cables, Switching Control Valves and install Dia 50mm PVC pipes for control cables from transformers and oil pump to cable trenches outside the bund wall | D29: each | E29: 1 | F29: 24963 | G29: 8900 | H29: =E29*(F29+G29) -> 33863
A30: 8.6.3
A31: 8.6.4 | C31: Apply herbicides and insecticides Assistance of applying herbicides and insecticides can be obtained from EMM, Environmental Sciences | D31: m² | E31: 10500 | F31: 15.5 | G31: 5.6 | H31: =E31*(F31+G31) -> 221550
A33: Subtotal carried to Item 8 of Summary | H33: =SUM(H28:H32) -> 3414253

Sheet Facilities
A2: Item No. | B2: Refer | C2: Description of the item | D2: Unit | E2: Qty | F2: Rate | H2: Price (R)
F3: Supply | G3: Install
C4: SCHEDULE 9
A5: 9 | C5: Facilities
A6: 9.1 | C6: Control Room
A7: 9.1.1 | B7: D-DT 5238 | C7: Build a 5.7m W x16.7m L Eskom STD. (APEX ROOF) COMBO CONTROL BUILDING TYPE B | D7: item | E7: 0 | F7: 1527660 | G7: =0.3*F7 -> 458298 | H7: =E7*(F7+G7) -> 0
C8: Roof shall be a normal Apex roof. (The contractor shall allow for the supply and installation of an outdoor type water proof switch for the yard lighting which will be positioned next to the one 5m gate at the entrance to the control room. This will be wired to a contactor in the yard box via a 4mm-4core cable.)
C9: Build a 6.7m W x23.7m L Eskom STD. (APEX ROOF) COMBO CONTROL BUILDING TYPE A | D9: item | E9: 1 | F9: 1527660 | G9: =0.3*F9 -> 458298 | H9: =E9*(F9+G9) -> 1985958
A10: 9.1.2 | C10: Roof shall be a normal Apex roof. (The contractor shall allow for the supply and installation of an outdoor type water proof switch for the yard lighting which will be positioned next to the one 5m gate at the entrance to the control room. This will be wired to a contactor in the yard box via a 4mm-4core cable.)
A11: 9.1.3 | C11: Supply and attach cable trays in the control room | D11: m | E11: 38 | F11: 3500 | G11: 985.5 | H11: =E11*(F11+G11) -> 170449
A12: 9.1.4 | C12: Supply and attach substation name board | D12: each | E12: 1 | F12: 8000 | G12: 193.5 | H12: =E12*(F12+G12) -> 8193.5
A13: 9.1.5 | B13: D-DT 6074 | C13: Supply and attach signs to fence and gates | D13: Item | E13: 1 | F13: 9800 | G13: 5210 | H13: =E13*(F13+G13) -> 15010
A14: 9.1.6 | B14: D-DT 6073 | C14: Supply and attach procedure in case of fire/first aid to control room | D14: each | E14: 1 | F14: 3100 | G14: 450 | H14: =E14*(F14+G14) -> 3550
A15: Subtotal carried to Item 9 of Summary

Sheet Substation Fencing
A2: Item | B2: Refer | C2: Description of the item | D2: Unit | E2: Qty | F2: Rate | H2: Price (R)
A3: No. | F3: Supply | G3: Install
C4: SCHEDULE 10
A5: 10 | C5: SUBSTATION FENCING
A6: 10.1 | B6: D-DT 5237 , S5A | C6: Stone Verge Kerbing,
A7: 10.1.1 | C7: Setting out of kerbing (Pre-cast to SABS 927),around Substation Platform Perimeter Supply and install kerbing - Complete as specified (Type Figure 3) | D7: m | E7: =500/2 -> 250 | F7: 255.4 | G7: 95 | H7: =SUM(F7:G7)*E7 -> 87600
A8: 10.1.2 | C8: Removal of excavated material | D8: m3 | E8: 13 | F8: 131 | G8: 50 | H8: =SUM(F8:G8)*E8 -> 2353
A9: 10.2 | C9: Cable Trenching
A10: 10.2.1 | C10: Setting out of cable trench | D10: Sum | E10: 1 | F10: 15567 | G10: 1250 | H10: =SUM(F10:G10)*E10 -> 16817
A11: 10.2.2 | C11: Excavation, Supply and install cable trench - 600mm wide | D11: m | E11: =450/2 -> 225 | G11: 465 | H11: =SUM(F11:G11)*E11 -> 104625
A12: 10.2.3 | C12: Excavation, Supply and install cable trench - 820mm wide | D12: m | E12: 200 | G12: 550 | H12: =SUM(F12:G12)*E12 -> 110000
A13: 10.2.4 | C13: Excavation, Supply and install reinforced concrete | D13: each | E13: =95/2 -> 47.5 | G13: 50 | H13: =SUM(F13:G13)*E13 -> 2375
A14: 10.2.5 | C14: Supply and install cable trench cover supports | D14: each | E14: 2 | F14: 1281.5 | G14: 350 | H14: =SUM(F14:G14)*E14 -> 3263
A15: 10.2.6 | C15: Supply and install PVC Sleeve (100mm Dia) | D15: m | E15: 35 | F15: 155.5 | G15: 25 | H15: =SUM(F15:G15)*E15 -> 6317.5
A16: 10.3 | C16: Yard Stone & Weed Control | H16: =SUM(F16:G16)*E16 -> 0
A17: 10.3.1 | B17: D-DT 5237 s1–s4 | C17: First application of weed killer - neutralise site,spread weed killer & herbicides | D17: m2 | E17: 2400 | F17: 19.13 | H17: =SUM(F17:G17)*E17 -> 45912
A18: 10.3.2 | C18: Second application of weed killer | D18: m2 | E18: 2400 | F18: 19.13 | H18: =SUM(F18:G18)*E18 -> 45912
A19: 10.3.3 | C19: Supply and spread of yard stone - 100mm thick and spread (30mm minimum size) | D19: m3 | E19: 240 | F19: 762.56 | G19: 55 | H19: =SUM(F19:G19)*E19 -> 196214.4
A20: 10.4 | C20: Fencing - Security (2,4m, Clear-Vu Fence, supply,excavate, installation, Complete with Electric Fence, Energisers, Indicators, Labels, Etc.)
A21: 10.4.1 | C21: Supply and install fence corner posts | D21: each | E21: 6 | F21: 350 | G21: 55 | H21: =SUM(F21:G21)*E21 -> 2430
A22: 10.4.2 | C22: Supply and Install Clear-Vu Fence & Intermediate | D22: each | E22: 70 | F22: 950 | G22: 55 | H22: =SUM(F22:G22)*E22 -> 70350
A23: 10.4.3 | C23: Supply and install 6m Clear-Vu Double Leaf Gate | D23: each | E23: 2 | F23: 350 | G23: 55 | H23: =SUM(F23:G23)*E23 -> 810
A24: 10.4.4 | C24: Supply and install 6m Clear-Vu - Removable Panelsv (bolted) | D24: each | E24: 3 | F24: 145 | G24: 55 | H24: =SUM(F24:G24)*E24 -> 600
A25: 10.4.5 | C25: Supply and install 6m Clear-Vu gate posts | D25: each | E25: 4 | F25: 145 | G25: 35 | H25: =SUM(F25:G25)*E25 -> 720
A26: Carried Forward | H26: =SUM(H7:H25) -> 696298.9
A27: Item | B27: Refer | C27: Description of the item | D27: Unit | E27: Qty | F27: Rate | H27: Price (R)
A28: No. | F28: Supply | G28: Install
A29: Brought Forward | H29: =H26 -> 696298.9
A30: 10.4.6 | C30: Supply and install - 1,8m Diamond Mesh Temporary Construction Fence, Complete with Safety Baricading Netting & Signage | D30: m | E30: 400 | F30: 450 | G30: =0.3*F30 -> 135 | H30: =SUM(F30:G30)*E30 -> 234000
A31: 10.4.7 | C31: Supply and install - 2.4m Clear-Vu Fence, complete | D31: m | E31: 250 | F31: 2200 | G31: =0.3*F31 -> 660 | H31: =SUM(F31:G31)*E31 -> 715000
A32: 10.4.8 | C32: Removal of excavated material | D32: m3 | E32: 6 | G32: 600 | H32: =SUM(F32:G32)*E32 -> 3600
A33: 10.4.9 | C33: Supply and Install an Electric Fence on top of Clear-Vu fencing, complete with Energiser, Indicators,labels and Control | D33: m | E33: 250 | F33: 300 | G33: 350 | H33: =SUM(F33:G33)*E33 -> 162500
A34: 10.5 | C34: Warning signs
A35: 10.5.1 | C35: Supply and Install unauthorized entry sign | D35: each | E35: 4 | F35: 350 | G35: 55 | H35: =SUM(F35:G35)*E35 -> 1620
A36: 10.5.2 | C36: Supply and Install first aid sign | D36: each | E36: 2 | F36: 950 | G36: 55 | H36: =SUM(F36:G36)*E36 -> 2010
A37: 10.5.3 | C37: Supply and Install prohibitive (various) | D37: each | E37: 2 | F37: 350 | G37: 55 | H37: =SUM(F37:G37)*E37 -> 810
A38: 10.5.4 | C38: Supply and Install hard hat sign | D38: each | E38: 2 | F38: 145 | G38: 35 | H38: =SUM(F38:G38)*E38 -> 360
A39: 10.5.5 | C39: Supply and Install safety shoe sign | D39: each | E39: 2 | F39: 145 | G39: 35 | H39: =SUM(F39:G39)*E39 -> 360
A40: 10.5.6 | C40: Supply and Instal CCTV Access Control and Access Control ( Provisional Amount of R 400 000) | D40: Sum | E40: 1 | F40: 450000 | H40: 450000
A41: Subtotal carried to Item 10 of Summary

Sheet Installation of Earth Grid
A1: Item | B1: Refer | C1: Description of the item | D1: Unit | E1: Qty | F1: Rate | H1: Price (R)
A2: No. | F2: Supply | G2: Install
C3: SCHEDULE 11
A4: 11 | C4: INSTALLATION OF EARTH GRID
A5: 11.1 | C5: Complete earth grid Supply, Transport to site and Install as per earth grid drawing including all excavations, backfilling and compaction
A6: 11.1.1 | B6: GEM-GA | C6: 10 mm round copper main earth grid | D6: m | E6: 500 | F6: 197 | G6: 117 | H6: =SUM(F6:G7)*E6 -> 157000
A8: 11.1.2 | B8: GEM-GA | C8: 10 mm round copper for earth tails connected from reinforcement of trfr plinths, slipways and runway to main earth grid | D8: m | E8: 40 | F8: 197 | G8: 117 | H8: =SUM(F8:G9)*E8 -> 26440
A9: 11.1.3 | B9: GEM-GA | C9: 50 mm x 3 mm flat copper for earth tails for building earthing of panels. This earthing should run on cable rack. | D9: m | E9: 125 | F9: 217 | G9: 130 | H9: =SUM(F9:G10)*E9 -> 86750
A10: 11.1.4 | B10: GEM-GA | C10: 50 mm x 3 mm flat copper for earth tails connected to the main earth grid from equipment foundations, transformer kerbing reinforcement and fence (to the fence and fence corner gate post CGP) | D10: m | E10: 500 | F10: 217 | G10: 130 | H10: =E10*(F10+G10) -> 173500
A11: 11.1.5 | B11: GEM-GA | C11: Run 50 mm x 3 mm flat copper for battery room | D11: m | E11: 250 | F11: 217 | G11: 130 | H11: =E11*(F11+G11) -> 86750
A12: 11.1.7 | B12: GEM-GA | C12: Joints/Bonding
A13: 11.1.8 | B13: GEM-GA | C13: Bond all foundation copper to main earth grid of the substation as per earthing standard and foundation drawings.
A14: 11.1.9 | B14: D-DT 5240 Sh1&2 | C14: Main earth grid brazing; 10 mm round to 10 mm round | D14: each | E14: 140 | F14: 125 | G14: 54 | H14: =E14*(F14+G14) -> 25060
A15: 11.1.10 | B15: D-DT 5240 Sh1&3 | C15: Main earth grid brazing to earth tails (all foundations, control room, fence, etc.) ; 10 mm round to 50 mm x 3 mm flat | D15: each | E15: 136 | F15: 125 | G15: 55 | H15: =E15*(F15+G15) -> 24480
A16: 11.1.11 | B16: D-DT 5240 Sh1&4 | C16: Main earth grid brazing to earth tails (reinforcing of trfr plinths, slipways and runway, | D16: each | E16: 90 | F16: 125 | G16: 56 | H16: =E16*(F16+G16) -> 16290
A17: 11.1.12 | B17: D-DT 5240 Sh1&5 | C17: 50 mm x 3 mm flat copper bolted to corner gate ,posts and intermediate posts and fence | D17: each | E17: 124 | F17: 155 | G17: 55 | H17: =E17*(F17+G17) -> 26040
A18: 11.1.13 | B18: D-DT 5240 Sh1&6 | C18: 80 x 6 mm x 1.2 m long galvanised steel strap bolted to transformer tank and connected to transformer holding down bolts for earthing of transformers. (2 connections per strap) | D18: each | E18: 12 | F18: 956.45 | G18: 350 | H18: =E18*(F18+G18) -> 15677.4
A19: 11.1.14 | C19: Provisional amount for the specialist to design the entire earth grid, R 250 000 | D19: Item | E19: 1 | F19: 250000 | H19: =E19*(F19+G19) -> 250000
A20: 11.1.15 | B20: D-DT 5240 Sh1&7 | C20: It is the responsibility of the substation Contractor to test the earth-grid resistance on completion of the project. Tests to be done by an approved person. The results shall be compared to the design results, as submitted by the Eskom Project Eng. | D20: Item | E20: 1 | F20: 45000 | H20: =E20*(F20+G20) -> 45000
A21: Subtotal carried to Item 13 of Summary

Sheet MV Metal Clad Sw Gear
A1: Item No. | B1: Refer | C1: Description of the item | D1: Unit | E1: Qty | F1: Rate | H1: Price (R)
F2: Supply | G2: Install
C3: SCHEDULE 12
A4: 12 | C4: INSTALLATION OF HV & MV SWITCH GEAR & CONTROL, BATTERY CHARGERS & AUXILLIARIES
A5: 12.1 | C5: For the supply, delivery , off loading of MV switchgear ( Actom or equivalent) , control panels, battery chargers, RTU, Auxilliaries (Switching /Control Room) complete with all SEL or equivalent protection devices & relays as per the Detailed Control Plant design and drawings provided by the Contractor and submitted to the Engineer for approval.
A6: 12.1.1 | B6: GEM-GA | C6: 6.6kV 1250A , Incomer BKRs 25kA Metal Clad Switchgear | D6: each | E6: 2 | F6: 452075 | G6: =0.3*F6 -> 135622.5 | H6: =E6*(F6+G6) -> 1175395
A7: 12.1.2 | C7: 6.6kV 1250A , B/C BKRs 25kA Metal Clad Switchgear | D7: each | E7: 1 | F7: =280000*1.3 -> 364000 | G7: =0.3*F7 -> 109200 | H7: =E7*(F7+G7) -> 473200
A8: 12.1.3 | B8: GEM-GA | C8: 6.6kV B/B VTs, Metal Clad Switch Gear | D8: each | E8: 2 | F8: 134992.58 | G8: 41205.45 | H8: =E8*(F8+G8) -> 352396.06
A9: 12.1.4 | B9: GEM-GA | C9: 1 X 110V DC 15 A 65AH Battery Terminal Unit | D9: each | E9: 3 | F9: 99836.35 | G9: =0.3*F9 -> 29950.905 | H9: =E9*(F9+G9) -> 389361.77
A10: 12.1.5 | C10: 85 x 110V DC Batteries complete with cabinet | D10: each | E10: 3 | F10: 155775.95 | G10: =0.3*F10 -> 46732.785 | H10: =E10*(F10+G10) -> 607526.21
A11: 12.1.3 | B11: Control Drwng | C11: 6.6kV/400V Auxilary Supply 200kVA | D11: each | E11: 1 | F11: 349041.8 | G11: =0.3*F11 -> 104712.54 | H11: =E11*(F11+G11) -> 453754.34
A12: 12.1.4 | C12: Transformer SEL Protection Scheme as specified in the Detailed Design provided by the Contractor | D12: Item | E12: 1 | F12: 200000 | G12: =0.3*F12 -> 60000 | H12: =E12*(F12+G12) -> 260000
A13: 12.1.5 | C13: Tap change Control Schemes as specified in the Detailed Design provided by the Contractor | D13: Item | E13: 1 | F13: 200000 | G13: =0.3*F13 -> 60000 | H13: =E13*(F13+G13) -> 260000
A14: 12.1.6 | C14: Current Differential Protection Schemes as specified in the Detailed Design provided by the Contractor | D14: Item | E14: 1 | F14: 200000 | G14: =0.3*F14 -> 60000 | H14: =E14*(F14+G14) -> 260000
A15: 12.1.7 | C15: 88kV Bus Section Protection Schemes as specified in the Detailed Design provided by the Contractor | D15: Item | E15: 1 | F15: 200000 | G15: =0.3*F15 -> 60000 | H15: =E15*(F15+G15) -> 260000
A16: 12.1.8 | C16: Tariff Metering Panel | D16: Each | E16: 2 | F16: 80000 | G16: =0.3*F16 -> 24000 | H16: =E16*(F16+G16) -> 208000
A17: 12.1.9 | C17: Meters(Cl 0.2) | D17: Each | E17: 6 | F17: 80000 | G17: =0.3*F17 -> 24000 | H17: =E17*(F17+G17) -> 624000
A18: Carried Forward | H18: =SUM(H6:H17) -> 5323633.4
A19: Item | B19: Refer | C19: Description of the item | D19: Unit | E19: Qty | F19: Rate | H19: Price (R)
A20: No. | F20: Supply | G20: Install
A21: Brought Forward | H21: =H18 -> 5323633.4
A22: 12.1.10 | C22: Vectographs | D22: each | E22: 4 | F22: 80000 | G22: =0.3*F22 -> 24000 | H22: =E22*(F22+G22) -> 416000
A23: 12.1.11 | C23: Statistical Metering Panel | D23: each | E23: 2 | F23: 80000 | G23: =0.3*F23 -> 24000 | H23: =E23*(F23+G23) -> 208000
A24: 12.1.12 | C24: Metters ( Cl 0.5) | D24: each | E24: 4 | F24: 80000 | G24: =0.3*F24 -> 24000 | H24: =E24*(F24+G24) -> 416000
A25: 12.1.13 | C25: AC/DC Distribution Swing Frame panel (Top and Bottom Entry) 2400mm X 880mm x 600mm cabinet complete with earthing bars, trunking , prepunched gland plates, blue passivation lifting lugs. | D25: each | E25: 2 | F25: 208000 | G25: =0.3*F25 -> 62400 | H25: =E25*(F25+G25) -> 540800
A26: 12.1.14 | C26: Yard Control AC Distribution Board (with distribution and termination modules aper Detailed Design | D26: each | E26: 1 | F26: 104000 | G26: =0.3*F26 -> 31200 | H26: =E26*(F26+G26) -> 135200
A27: 12.1.15 | C27: Yard Control AC Distribution Board (with distribution and termination modules aper Detailed Design | D27: each | E27: 1 | F27: 104000 | G27: =0.3*F27 -> 31200 | H27: =E27*(F27+G27) -> 135200
A28: 12.1.16 | C28: Main AC incoming module (to be mounted in a 19 inch floor standing cabinet) | D28: each | E28: 1 | F28: 104000 | G28: =0.3*F28 -> 31200 | H28: =E28*(F28+G28) -> 135200
A29: 12.1.17 | C29: Main AC incoming module (to be mounted in a 19 inch floor standing cabinet) | D29: each | E29: 1 | F29: 104000 | G29: =0.3*F29 -> 31200 | H29: =E29*(F29+G29) -> 135200
A30: 12.1.18 | C30: 400V 3 Phase AC Distribution Module | D30: each | E30: 2 | F30: 6682.3 | G30: =0.3*F30 -> 2004.69 | H30: =E30*(F30+G30) -> 17373.98
A31: 12.1.19 | C31: 230V 1 Phase AC Distribution Module | D31: each | E31: 2 | F31: 5359.05 | G31: =0.3*F31 -> 1607.715 | H31: =E31*(F31+G31) -> 13933.53
A32: 12.1.20 | C32: AC supply module | D32: each | E32: 2 | F32: 2054.97 | G32: =0.3*F32 -> 616.491 | H32: =E32*(F32+G32) -> 5342.922
A33: 12.1.21 | C33: CT Junction Box | D33: each | E33: 6 | F33: 7072.09 | G33: =0.3*F33 -> 2121.627 | H33: =E33*(F33+G33) -> 55162.302
... A36: 12.1.24 | C36: D20 RTU Config 5 or similar and IDF Frame to interface with primary and secondary plant equipmemt to be approved by Engineer and Eskom. This should come complete with all accessories to enable full system installation which included power supply unit, IDF rack, Cabling between IDF and Primary and secondart plant, communication interface kit and cables | D36: each | E36: 2 | F36: 15000 | G36: =0.3*F36 -> 4500 | H36: =E36*(F36+G36) -> 39000
A37: Carried Forward | H37: =SUM(H21:H36) -> 7733743.6
A38: Item | B38: Refer | C38: Description of the item | D38: Unit | E38: Qty | F38: Rate | H38: Price (R)
A39: No. | F39: Supply | G39: Install
A40: Brought Forward | H40: =H37 -> 7733743.6
A41: 12.1.25 | C41: Telecommunication Equipment ( SDH Multiplexer
A42: 12.1.25.1 | C42: Allow for IEC619850 compliant SDH multipler to establish communication Link to Master Station to be approved by Engineer, Employer and Eskom complete with required cabling, gatewateys , interface units to make the syatem fully functional | D42: Item | E42: 1 | F42: 100000 | H42: =E42*(F42+G42) -> 100000
A43: 12.1.26 | C43: Allow for full life time software licensing for RTU and SDH multipler | D43: Item | E43: 1 | F43: 20000 | H43: =E43*(F43+G43) -> 20000
A44: 12.1.27 | C44: Maintenance Tools | D44: each | E44: 1 | F44: 10000 | G44: =0.3*F44 -> 3000 | H44: =E44*(F44+G44) -> 13000
A45: 12.1.28 | C45: First Aid box Complete with Labelling | D45: each | E45: 2 | F45: 1000 | G45: =0.3*F45 -> 300 | H45: =E45*(F45+G45) -> 2600
A46: 12.1.28 | C46: Provide an amount of R 200 000 to extend the 6.6kV 1250A busbar on the existing Kwawatsi switching station and incorporate 2 X 1250A incomer breaker panels and 1x 1250A feeder breaker panels. The breakers are a free issue from Municipality. | D46: Item | E46: 1 | F46: 200000 | H46: =E46*(F46+G46) -> 200000
A47: 12.1.29 | B47: GEM-GA | C47: 6.6kV 800A, Bus FDR BKRs, 25kA Metal Clad Switch Gear | D47: each | E47: 8 | F47: 342822.96 | G47: =0.15*F47 -> 51423.444 | H47: =E47*(F47+G47) -> 3153971.2
A48: Subtotal carried to Item 12 of Summary

Sheet General Electrical
A1: Item No. | B1: Refer | C1: Description of the item | D1: Unit | E1: Qty | F1: Rate | H1: Price (R)
F2: Supply | G2: Install
C3: SCHEDULE 13
A4: 13 | B4: SANS | C4: GENERAL ELECTRICAL
B5: 1200A
A6: 13.1 | C6: Signs and Notices
A7: 13.1.1 | C7: Allow for all the signs as per the Detail Technical Specification
A8: 13.1.2 | C8: Signs and notices on Buildings | D8: item | E8: 5 | F8: 584 | G8: 135 | H8: =SUM(F8:G8)*E8 -> 3595
A9: 13.1.3 | C9: Signs and Notice on Perimeter Fences and Substation Entrances | D9: item | E9: 3 | F9: 584 | G9: 135 | H9: =SUM(F9:G9)*E9 -> 2157
A10: 13.1.4 | C10: Combined Emergency Notices | D10: item | E10: 1 | F10: 584 | G10: 135 | H10: =SUM(F10:G10)*E10 -> 719
A11: 13.1.5 | C11: Perimeter Fence | D11: item | E11: 50 | F11: 95 | G11: 35 | H11: =SUM(F11:G11)*E11 -> 6500
A12: 13.1.6 | C12: First Aid kit to NOSA requirements | D12: item | E12: =1 -> 1 | F12: 289 | G12: 105 | H12: =SUM(F12:G12)*E12 -> 394
A13: 13.1.7 | C13: Fire Extinguishers
A14: 13.1.8 | C14: Supply and Install fire Extinguisers in positions directed by engineer / fire chief | D14: item | E14: 3 | F14: 3000 | G14: 450 | H14: =SUM(F14:G14)*E14 -> 10350
A15: 13.1.9 | C15: Lightning/Lighting Masts/ Area Lighting
A16: 13.1.10 | C16: Lightning Masts complete with fittings and electrical control compartment and 4 x 110W LED per /21m Mast | D16: each | E16: 6 | F16: 40000 | G16: 8500 | H16: =SUM(F16:G16)*E16 -> 291000
A17: 13.1.11 | C17: Supply Cabling , Conduts and Wire Control Room and Switch Room and Provide Earth leakages. | D17: item | E17: =1 -> 1 | F17: 8500 | G17: 4500 | H17: =SUM(F17:G17)*E17 -> 13000
A18: 13.1.12 | C18: 6mm2 x 4 core cable inclusive of terminations for the general area and substation lighting | D18: m | E18: =200 -> 200 | F18: 45 | G18: 14.5 | H18: =SUM(F18:G18)*E18 -> 11900
A19: 13.2 | C19: Lightning Protection of Switchyard
A20: 13.2.1 | C20: Provisional amount for the specialist evaluation of the LPS in terms of SANS 10313 and necessary modifications to proposed LPS | D20: item | E20: 1 | F20: 10000 | H20: =E20*(F20+G20) -> 10000
A21: 13.3 | C21: Povide a provisional sum of R100000.oo for Fire Detection System to be executed by the a Specialist Fires services sub contractor approved by the Engineer. | D21: Item | E21: 1 | F21: 100000 | H21: =E21*(F21+G21) -> 100000
A22: Carried Forward | H22: =SUM(H7:H21) -> 449615
A23: Item | B23: Refer | C23: Description of the item | D23: Unit | E23: Qty | F23: Rate | H23: Price (R)
A24: No. | F24: Supply | G24: Install
A25: Brought Forward | H25: =H22 -> 449615
A26: 13.4 | C26: Provide a Provisional sum for decommission the existing Koppies munic substation | D26: Item | E26: =1*0 -> 0 | F26: 400000 | H26: =E26*(F26+G26) -> 0
A27: 13.5 | C27: Provide a Provisional sum for the construction of the MV lines to the existing Koppies and Kwakwatsi munic substations | D27: Item | E27: 1 | F27: 1000000 | H27: =E27*(F27+G27) -> 1000000
A28: 13.6 | C28: Lightning Protection of Building
A29: 13.6.1 | C29: Co-ordinate and provide Lightning protection system for buildings see SANS 10313 including equipotential bonding and electonic earthing requirements (cross bond to earthmat) inclusive of certification by specialist. | D29: item | E29: 1 | F29: 30000 | H29: =E29*(F29+G29) -> 30000
A30: Subtotal carried to Item 13 of Summary

Sheet Outdoor Equipment
A2: Item | B2: Refer | C2: Description of the item | D2: Unit | E2: Qty | F2: Rate | H2: Price (R)
A3: No. | F3: Supply | G3: Install
C4: SCHEDULE 14
A5: 14 | C5: INSTALLATION OF EQUIPMENT
A6: 14.1 | C6: New Equipment:
C7: Price shall include all sundries, tools, mounting accessories for the correct operation of the equipment price shall further include for fixing and alignment, on and off-site testing as per specification and equipment manufacturers requirements for a complete installation. Price shall include for all transport, off-loading, rigging insurance, etc. Steelworks, excavations and foundations measured under civil works:
A8: 14.1.1 | B8: D-DT 6157 | C8: 88kV(132kV) Line Isolator w S/ARR | D8: each | E8: =4/2 -> 2 | F8: 93916 | G8: 2145 | H8: =SUM(F8:G8)*E8 -> 192122
A9: 14.1.2 | C9: 88kV(132kV) Line Isolator | D9: each | E9: =4*0 -> 0 | F9: 93916 | G9: 2145 | H9: =SUM(F9:G9)*E9 -> 0
A10: 14.1.3 | C10: 132kV B/B Isolator | D10: each | E10: =2*0 -> 0 | F10: 93916 | G10: 2145 | H10: =SUM(F10:G10)*E10 -> 0
A11: 14.1.4 | B11: D-DT 6214 | C11: 88kV S/ARR (Trfr mounted) set | D11: each | E11: 2 | F11: 11050 | G11: 1436 | H11: =SUM(F11:G11)*E11 -> 24972
A12: 14.1.5 | B12: D-DT 6217 | C12: 6.6kV S/ARR (Trfr mounted) set | D12: each | E12: 2 | F12: 6590 | G12: 856.7 | H12: =SUM(F12:G12)*E12 -> 14893.4
A13: 14.1.6 | B13: D-DT 6214 | C13: 6.6kV S/ARR MCOV ( Terminal Incomer) set | D13: each | E13: 2 | F13: 14369 | G13: 1867 | H13: =SUM(F13:G13)*E13 -> 32472
A14: 14.1.7 | B14: D-DT 6251 | C14: 132kV Circuit Breaker | D14: each | E14: =2 -> 2 | F14: 175861.4 | G14: 15262 | H14: =SUM(F14:G14)*E14 -> 382246.8
A15: 14.1.8 | B15: D-DT 6190 | C15: 132kV Current Transformer (BZ 1600/1) | D15: each | E15: 6 | F15: 77400 | G15: 6450 | H15: =SUM(F15:G15)*E15 -> 503100
A16: 14.1.9 | C16: 88/6.6kV 10MVA OLTC Transformer DYN11 Open Bushings, including FAT, loading and transportation of transformers(low bed truck from supplier to site(Koppies Substation, NLM), on and off loading and rigging of transformer(Contractor to allow for Heavy duty Mobile Crane), dressing and assembling of transformers (complete) on site, filling oil, testing of oil complete with certificates. | D16: each | E16: 2 | F16: 7500000 | G16: 65900 | H16: =SUM(F16:G16)*E16 -> 15131800
A17: 14.1.10 | C17: Supply Install 6.6kV NEC/NEE/AUX complete with 6.6kV Termination boxes(Ground mounted) | D17: each | E17: 2 | F17: 500000 | G17: 29789 | H17: =SUM(F17:G17)*E17 -> 1059578
A18: 14.1.11 | B18: D-DT6172 | C18: Supply Install 88kV B/B VT's Sets | D18: each | E18: =4*0 -> 0 | F18: 89400 | G18: 6450 | H18: =SUM(F18:G18)*E18 -> 0
A19: 14.1.12 | C19: Supply Install 88kV P/VT's Sets | D19: each | E19: =2*0 -> 0 | F19: 90345 | G19: 6450 | H19: =SUM(F19:G19)*E19 -> 0
A20: 14.1.13 | C20: Supply Install 88kV Line VT's | D20: each | E20: 6 | F20: 90345 | G20: 6450 | H20: =SUM(F20:G20)*E20 -> 580770
A21: 14.1.14 | B21: D-DT 6230 | C21: 132kV Post Insulators (HV Conductor/MV cables Supp) | D21: each | E21: 18 | F21: 4959 | G21: 754 | H21: =SUM(F21:G21)*E21 -> 102834
A22: 14.1.15 | B22: D-DT 6234 | C22: 6.6kV Post Insulators Cable End Support Structure | D22: each | E22: 12 | F22: 2864 | G22: 542 | H22: =SUM(F22:G22)*E22 -> 40872
A23: Carried Forward | H23: =SUM(H8:H22) -> 18065660
A24: Item | B24: Refer | C24: Description of the item | D24: Unit | E24: Qty | F24: Rate | H24: Price (R)
A25: No. | F25: Supply | G25: Install
A26: Brought Forward | H26: =H23 -> 18065660
A27: 14.1.16 | C27: 88 kV Isolator Rotating Centre, 2500A; 31,5kA/3sec; H/O | D27: each | E27: 0 | F27: 117400 | G27: 15262 | H27: =SUM(F27:G27)*E27 -> 0
A28: 14.1.17 | C28: 88 kV Isolator Rotating Centre with one Earth Switch, 2500A; 31,5kA/3sec; Man | D28: each | E28: 0 | F28: 167400 | G28: 35262 | H28: =SUM(F28:G28)*E28 -> 0
A29: 14.1.18 | C29: 6.6 kV Circuit Breaker | D29: each | E29: 2 | F29: 67400 | G29: 35262 | H29: =SUM(F29:G29)*E29 -> 205324
A30: 14.1.19 | B30: D-DT 6234 | C30: 6.6 kV Isolator Rotating Centre with one Earth Switch, 800A; 25kA/3sec; Man | D30: each | E30: 2 | F30: 93000 | G30: 35262 | H30: =SUM(F30:G30)*E30 -> 256524
A31: Subtotal carried to Item 14 of Summary

Sheet MV Cable Work
A2: Item | B2: Refer | C2: Description of the item | D2: Unit | E2: Qty | F2: Rate | H2: Price (R)
A3: No. | F3: Supply | G3: Install
C4: SCHEDULE 15
A5: 15 | C5: MV and LV Cable Work
A6: 15.1 | C6: New Equipment:
C7: Transport to site from Contractor’s stores and install the following equipment supplied by Contractor:
A8: 15.1.1 | C8: Incomers
A9: 15.1.2 | C9: Provide route layout design drawing by specialist indicating joint box locations cross bonding requirements etc | D9: item | E9: 1 | F9: 15800 | H9: =E9*(F9+G9) -> 15800
A10: 15.1.3 | C10: Joint 630mm² PILC Cu single Core 6.6kV cable | D10: each | E10: 45 | F10: 5625 | G10: 3868 | H10: =E10*(F10+G10) -> 427185
A11: 15.1.4 | C11: Supply and Lay 630mm² PILC Cu single Core 6.6kV cable | D11: m | E11: 800 | F11: =1300*3 -> 3900 | G11: 55 | H11: =E11*(F11+G11) -> 3164000
A12: 15.1.5 | C12: Make off 630mm² 1c Cu PILC 6.6kV cable outdoor termination | D12: each | E12: 20 | F12: 3550 | G12: 3638 | H12: =E12*(F12+G12) -> 143760
A13: 15.1.6 | C13: Earth cable armouring (braded tail) onto HV Terminal structures | D13: each | E13: 20 | F13: 1500 | G13: 359 | H13: =E13*(F13+G13) -> 37180
A14: 15.1.7 | B14: DDT-7615 | C14: Provide an amount of R300 000 for supply and installation of 2 X stayed angle strain structure ( 0 -90*) complete and string 1000m of Chicadee conductor up to Terminal Stucture of Koppies Substation | D14: Item | E14: 1 | F14: 300000 | H14: =E14*(F14+G14) -> 300000
A15: 15.2. | C15: Clamps Cable
A16: 15.2.1 | C16: Support 6.6kV cables with Polyprop clamp | D16: each | E16: 50 | F16: 356 | G16: 29 | H16: =E16*(F16+G16) -> 19250
A17: 15.3 | C17: 6.6kV Cable Work
A18: 15.3.1 | C18: Provisional amount for the jointing relocation and protection of 6.6kV cables during construction, R15000.00 | D18: item | E18: 1 | F18: 15000 | H18: =E18*(F18+G18) -> 15000
A19: 15.3.2 | C19: Provisional an amount o R 300 000 for the relocation of Hop Hons feeder, 6.6kV MV line consisting of 4 spans @100m, R300000.00 | D19: item | E19: 1 | F19: 300000 | H19: =E19*(F19+G19) -> 300000
A20: 15.3.3 | C20: Provisional amount for the upgrade power supply to the water treatment works, R300 000.00 | D20: item | E20: 1 | F20: 300000 | H20: =E20*(F20+G20) -> 300000
A21: 15.3.4 | C21: Provisional amount for the jointing relocation and protection of 6.6kV cables during construction | D21: item | E21: 1 | F21: 11500 | H21: =E21*(F21+G21) -> 11500
A22: 15.3.5 | C22: Supply and lay 6.6kV , 240mm2 PILC single core Cu cable | D22: m | E22: 0 | F22: 1050 | G22: 55 | H22: =E22*(F22+G22) -> 0
A23: 15.3.6 | C23: Supply and Install 6.6kV, 240mm2 PILC single core Outdoor (TRF) terminations | D23: each | E23: Rate Only | H23: Rate Only
A24: 15.3.7 | C24: Supply and Install 6.6kV, 630mm2 PILC single core Indoor (TRF & 6.6kV B/B Coupling Cables) terminations | D24: each | E24: 100 | F24: 1500 | G24: =F24*0.3 -> 450 | H24: =E24*(F24+G24) -> 195000
A25: 15.3.8 | C25: New connections 95mm2 PILC single core Outdoor terminations between transformers and NER's | D25: each | E25: Rate Only | H25: Rate Only
A26: 15.3.9 | C26: Support 6.6kV cables with Polyprop clamp | D26: each | E26: 30 | F26: 310 | G26: 25 | H26: =E26*(F26+G26) -> 10050
A27: Carried Forward | H27: =SUM(H9:H26) -> 4938725
A28: Item | B28: Refer | C28: Description of the item | D28: Unit | E28: Qty | F28: Rate | H28: Price (R)
A29: No. | F29: Supply | G29: Install
A30: Brought Forward | H30: =H27 -> 4938725
A31: 15.3.10 | C31: Earth cable armouring (braded tail) onto MV switchgear Cu earth bar | D31: each | E31: 20 | F31: 1500 | G31: 355 | H31: =E31*(F31+G31) -> 37100
A32: 15.4 | C32: New connections of 6.6kV switchboards' feeders
A33: 15.4.1 | C33: Supply and lay 6.6kV , 95mm2 PILC three core Cu cable | D33: m | E33: 100 | F33: 462 | G33: 35 | H33: =E33*(F33+G33) -> 49700
A34: 15.4.2 | C34: Supply and lay 6.6kV , 120mm2 PILC three core Cu cable | D34: m | E34: 0 | F34: 542 | G34: 38 | H34: =E34*(F34+G34) -> 0
A35: 15.4.3 | C35: Supply and lay 6.6kV , 150mm2 PILC three core Cu cable | D35: m | E35: 0 | F35: 659 | G35: 44 | H35: =E35*(F35+G35) -> 0
A36: 15.4.4 | C36: Supply and lay 6.6kV , 185mm2 PILC three core Cu cable | D36: m | E36: =60*10 -> 600 | F36: 710 | G36: 45 | H36: =E36*(F36+G36) -> 453000
A37: 15.4.5 | C37: Earth cable armouring (braded tail) onto MV switchgear Cu earth bar | D37: each | E37: 16 | F37: 2056 | G37: 355 | H37: =E37*(F37+G37) -> 38576
A38: 15.4.6 | C38: New connections between local transformer and AC/DC Panel | H38: =E38*(F38+G38) -> 0
A39: 15.4.7 | C39: Supply and Install 6.6kV, 95mm² PILC three core Outdoor terminations | D39: each | E39: 1 | F39: 2989 | G39: 1200 | H39: =E39*(F39+G39) -> 4189
A40: 15.4.8 | C40: Supply a 95mm2 cable gland | D40: each | E40: 1 | F40: 465 | G40: 85 | H40: =E40*(F40+G40) -> 550
A41: 15.5 | C41: Joint Cable Include for the removal of old termination
A42: 15.5.1 | C42: Supply joints for 6.6kV , 95mm2 PILC three core Cu cable | D42: each | E42: 2 | F42: 3987 | G42: 2392 | H42: =E42*(F42+G42) -> 12758
A43: 15.5.2 | C43: Supply joints for 6.6kV , 120mm2 PILC three core Cu cable | D43: each | E43: 0 | F43: 3987 | G43: 2658 | H43: =E43*(F43+G43) -> 0
A44: 15.5.3 | C44: Supply joints for 6.6kV , 150mm2 PILC three core Cu cable | D44: each | E44: 0 | F44: 3987 | G44: 2924 | H44: =E44*(F44+G44) -> 0
A45: 15.5.4 | C45: Supply joints for 6.6kV , 185mm2 PILC three core Cu cable | D45: each | E45: 20 | F45: 4500 | G45: 2924 | H45: =E45*(F45+G45) -> 148480
A46: 15.6 | C46: Terminate Cable
A47: 15.6.1 | C47: Supply Termination for 6.6kV , 95mm2 PILC three core Cu cable | D47: each | E47: 2 | F47: 3375 | G47: 2025 | H47: =E47*(F47+G47) -> 10800
A48: 15.6.2 | C48: Supply Termination for 6.6kV , 120mm2 PILC three core Cu cable | D48: each | E48: 0 | F48: 3625 | G48: 2175 | H48: =E48*(F48+G48) -> 0
A49: 15.6.3 | C49: Supply Termination for 6.6kV , 150mm2 PILC three core Cu cable | D49: each | E49: 0 | F49: 3875 | G49: 2325 | H49: =E49*(F49+G49) -> 0
A50: 15.6.4 | C50: Supply Terminationfor 6.6kV , 185mm2 PILC three core Cu cable | D50: each | E50: 4 | F50: 4375 | G50: 2625 | H50: =E50*(F50+G50) -> 28000
A51: 15.6.5 | C51: Pressure Test all Cables | D51: item | E51: 1 | F51: 58900 | H51: =E51*(F51+G51) -> 58900
A52: 15.6.6 | C52: Control Cables
A53: 15.6.6.1 | C53: Transformer control cables
A54: 15.6.6.1.1 | C54: 2.5mm2 30 core | D54: m | E54: 200 | F54: 80 | G54: =0.3*F54 -> 24 | H54: =E54*(F54+G54) -> 20800
A55: 15.6.6.1.2 | C55: 2.5mm2 4C core | D55: m | E55: 200 | F55: 22.4 | G55: =0.3*F55 -> 6.72 | H55: =E55*(F55+G55) -> 5824
A56: 15.6.6.1.3 | C56: 4.0mm2 4C core | D56: m | E56: 200 | F56: 30 | G56: =0.3*F56 -> 9 | H56: =E56*(F56+G56) -> 7800
A57: 15.6.6.2 | C57: 132kV Switchgear
A58: 15.6.6.2.2 | C58: 4.0mm2 4C core | D58: m | E58: 200 | F58: 30 | G58: =0.3*F58 -> 9 | H58: =E58*(F58+G58) -> 7800
A59: Carried Forward | H59: =SUM(H30:H58) -> 5823002
A60: Item | B60: Refer | C60: Description of the item | D60: Unit | E60: Qty | F60: Rate | H60: Price (R)
A61: No. | F61: Supply | G61: Install
A62: Brought Forward | H62: =H59 -> 5823002
A63: 15.6.6.3 | C63: 88kV(132kV) CTs
A64: 15.6.6.3.1 | C64: 2.5mm2 30 core | D64: m | E64: 150 | F64: 80 | G64: =0.3*F64 -> 24 | H64: =E64*(F64+G64) -> 15600
A65: 15.6.6.3.2 | C65: 2.5mm2 4C core | D65: m | E65: 150 | F65: 22 | G65: =0.3*F65 -> 6.6 | H65: =E65*(F65+G65) -> 4290
A66: 15.6.6.3.3 | C66: 4.0mm2 4C core | D66: m | E66: 150 | F66: 30 | G66: =0.3*F66 -> 9 | H66: =E66*(F66+G66) -> 5850
A67: 15.6.6.4 | C67: 88kV VTs
A68: 15.6.6.4.3 | C68: 2.5mm2 4C core | D68: m | E68: 150 | F68: 22 | G68: =0.3*F68 -> 6.6 | H68: =E68*(F68+G68) -> 4290
A69: 15.6.6.5 | C69: 132kV Isolators
A70: 15.6.6.5.1 | C70: 2.5mm2 4C core | D70: m | E70: 150 | F70: 22 | G70: =0.3*F70 -> 6.6 | H70: =E70*(F70+G70) -> 4290
A71: 15.6.6.7 | C71: 132kV Isolators
A72: 15.6.6.7.1 | C72: 10mm2 4 core | D72: m | E72: 150 | F72: 58.7 | G72: =0.3*F72 -> 17.61 | H72: =E72*(F72+G72) -> 11446.5
A73: Subtotal carried to Item 15 of Summary

Sheet Conductor Stringing
A2: Item No. | B2: Refer | C2: Description of the item | D2: Unit | E2: Qty | F2: Rate | H2: Price (R)
F3: Supply | G3: Install
C4: SCHEDULE 16
A5: 16 | C5: INSTALLATION OF EQUIPMENT-CONDUCTOR
A6: 16.1 | C6: Stringing and Conductor | D6: m | E6: 399 | F6: 295.95 | G6: 76 | H6: =E6*(F6+G6) -> 148408.05
C7: Stringers and droppers – Non Insulated Bull
A9: 16.1.1 | B9: D-DT 3136 | C9: Stringers and droppers – Non Insulated Centipede | D9: m | E9: 100 | F9: 295,95 | G9: 65.56 | H9: =SUM(F9:G10)*E9 -> 6556
A11: 16.1.2 | C11: Stringers and droppers – Insulated Bull | D11: m | E11: 648 | F11: 345 | G11: 65.56 | H11: =E11*(F11+G11) -> 266042.88
A12: 16.1.3 | B12: D-DT 3136 | C12: Stringers and droppers – Hornet Insulated | D12: m | E12: 121 | F12: 92 | G12: 54 | H12: =SUM(F12:G12)*E12 -> 17666
A13: 16.2 | B13: D-DT 6081 | C13: Joint Ball Portable Earth | H13: =SUM(F13:G14)*E14 -> 11689
A14: 16.2.1 | C14: Supply and install earth ball joints | D14: each | E14: 50 | F14: 179.78 | G14: 54
A15: 16.3 | C15: Switching grid
A17: 16.3.1 | B17: D-DT-3059 | C17: Supply and install switching grids | D17: each | E17: 1 | F17: 12795.09 | G17: 2563 | H17: =SUM(F17:G17)*E17 -> 15358.09
A18: 16.4 | C18: Equipment Labelling
A19: 16.4.1 | B19: D-DT-5048s3 | C19: Equipment Labelling | D19: each | E19: 32 | F19: 265.94 | G19: 265.94 | H19: =SUM(F19:G19)*E19 -> 17020.16
A20: Subtotal carried to Item 16 of Summary | I20: `

Sheet Install Clamps
A2: Item | B2: Refer | C2: Description of the item | D2: Unit | E2: Qty | F2: Rate | H2: Price (R)
A3: No. | F3: Supply | G3: Install
C4: SCHEDULE 17
A5: 17 | C5: INSTALLATION OF EQUIPMENT CONT.
A6: 17.1 | C6: Clamp Assemblies
A7: 17.1.1 | B7: D-DT 6029 | C7: Crimped/Bolted | D7: ea | E7: 60 | F7: 950 | G7: 398 | H7: =E7*(F7+G7) -> 80880
A8: 17.1.2 | B8: D-DT 6018 s1 | C8: Tube/Crimped | D8: ea | E8: 30 | F8: 550 | G8: 230 | H8: =E8*(F8+G8) -> 23400
A9: 17.1.3 | B9: D-DT 6018 s3 | C9: Lug/Hornet | D9: ea | E9: 12 | F9: 490 | G9: 230 | H9: =E9*(F9+G9) -> 8640
A10: 17.1.4 | B10: D-DT 6002s4 | C10: Tube Fixed | D10: ea | E10: 6 | F10: 464 | G10: 230 | H10: =E10*(F10+G10) -> 4164
A11: 17.1.5 | B11: D-DT 6018s3 | C11: Tube Slide | D11: ea | E11: 6 | F11: 450 | G11: 230 | H11: =E11*(F11+G11) -> 4080
A12: 17.1.6 | B12: D-DT 6018s4 | C12: End Cap120 | D12: ea | E12: 12 | F12: 550 | G12: 230 | H12: =E12*(F12+G12) -> 9360
A13: 17.1.7 | B13: D-DT 6006S2 | C13: Y/Clamp | D13: ea | E13: 24 | F13: 490 | G13: 230 | H13: =E13*(F13+G13) -> 17280
A14: 17.1.8 | B14: D-DT 6035 S2 | C14: PEG/Clamp | D14: ea | E14: 12 | F14: 1050 | G14: 230 | H14: =E14*(F14+G14) -> 15360
A15: 17.1.9 | B15: D-DT 6039 | C15: T/Comp | D15: ea | E15: 12 | F15: 1050 | G15: 230 | H15: =E15*(F15+G15) -> 15360
A16: 17.1.10 | B16: D-DT6093 | C16: Clam EXPT120-127PCDTBFX 120-127SS | D16: ea | E16: 48 | F16: 1069 | G16: 350 | H16: =E16*(F16+G16) -> 68112
A17: 17.1.11 | B17: D-DT6040 s2 | C17: End CapTBEC 120 Cond with F / Clamp | D17: ea | E17: 220 | F17: 490 | G17: 225 | H17: =E17*(F17+G17) -> 157300
A18: 17.1.12 | B18: D-DT6040s1 | C18: End CapTBEC 120 No F / Clamp | D18: ea | E18: 66 | F18: 450 | G18: 225 | H18: =E18*(F18+G18) -> 44550
... A31: 17.1.25 | B31: D-DT6117 | C31: Clamp Tub Bus/Palm T/Off TBPT120 | D31: ea | E31: 195 | F31: 450 | G31: 230 | H31: =E31*(F31+G31) -> 132600
A32: Carried Forward | H32: =SUM(H7:H31) -> 1272031
A33: Item | B33: Refer | C33: Description of the item | D33: Unit | E33: Qty | F33: Rate | H33: Price (R)
A34: No. | F34: Supply | G34: Install
A35: Brought Forward | H35: =H32 -> 1272031
A36: 17.1.26 | B36: D-DT6086 | C36: Clamp F/Bus Coupler TBSC120-127 | D36: ea | E36: 66 | F36: 1050 | G36: 450 | H36: =E36*(F36+G36) -> 99000
A37: 17.1.27 | B37: D-DT6002 | C37: Clamp Cross 26.5mm-38mm K2 | D37: ea | E37: 15 | F37: 464 | G37: 225 | H37: =E37*(F37+G37) -> 10335
A38: 17.1.28 | B38: D-DT6006 s1 | C38: Clamp B/ Comp 38.3mm-38mm 0Dg KC1 | D38: ea | E38: 9 | F38: 650 | G38: 230 | H38: =E38*(F38+G38) -> 7920
A39: 17.1.29 | B39: D-DT6002s3 | C39: Clamp Cross16.3mm-38mm K3 | D39: ea | E39: 9 | F39: 464 | G39: 225 | H39: =E39*(F39+G39) -> 6201
A40: 17.1.30 | B40: D-DT3074 s1 | C40: Lug all Hornet 1B M12 | D40: ea | E40: 3 | F40: 75 | G40: 25 | H40: =E40*(F40+G40) -> 300
A41: 17.1.31 | B41: D-DT6010 | C41: Clamp T/Comp 38.3mm-38mm 0Dg TC10 | D41: ea | E41: 9 | F41: 464 | G41: 225 | H41: =E41*(F41+G41) -> 6201
A42: Subtotal carried to Item 17 of Summary

Sheet Commissioning 
A2: Item | B2: Refer | C2: Description of the item | D2: Unit | E2: Qty | F2: Rate | H2: Price (R)
A3: No. | F3: Supply | G3: Install
C4: SCHEDULE 18
A5: 18.1 | C5: COMMISSIONING EQUIPMENT
A6: 18.1.1 | C6: General
A7: 18.1.1.1 | C7: FAT and SAT attendance by a certified Protection Engineer and witnessed by Engineer | D7: Item | E7: 1 | F7: 60000 | H7: =SUM(F7:G7)*E7 -> 60000
A8: 18.1.2 | C8: Functional Testing
A9: 18.1.2.1 | C9: Protection settings and grading of MV feeder relays by specialist protection engineer as per spec that will be proposed by the contractor, presented and approved by Employer after the awardimg of Tender. This will include the software (DigSilent/Etap)modelling and simulation of the protection philosophy of the network | D9: Item | E9: 1 | F9: 60000 | H9: =SUM(F9:G9)*E9 -> 60000
A10: 18.1.2.2 | C10: Testing and commissioning of MV installation by Certified Engineer as per SANS 10142-2. Test shall include VLF tests by a certified or qualified specialist. Testing to be witnessed by Employer and Eskom. Included is the testing of HV and MV switchgear by a specialist commissioning engineer | D10: Item | E10: 1 | F10: 60000 | H10: =SUM(F10:G10)*E10 -> 60000
A11: 18.1.4 | C11: SUBSTATION SCADA
A12: 18.1.5 | C12: Substation SCADA - FAT | D12: item | E12: 1 | F12: 5000 | H12: =SUM(F12:G12)*E12 -> 5000
A13: 18.1.6 | C13: Substation SCADA - SAT | D13: item | E13: 1 | F13: 5000 | H13: =SUM(F13:G13)*E13 -> 5000
A14: 18.1.7 | C14: MASTER STATION SCADA
A15: 18.1.8 | C15: Master Station SCADA - SAT | D15: item | E15: 1 | F15: 5000 | H15: =SUM(F15:G15)*E15 -> 5000
A16: Carried Forward | H16: =SUM(H7:H15) -> 195000
A17: Item | B17: Refer | C17: Description of the item | D17: Unit | E17: Qty | F17: Rate | H17: Price (R)
A18: No. | F18: Supply | G18: Install
A19: Brought Forward | H19: =H16 -> 195000
A20: 18.1.9 | C20: RADIO NETWORK
A21: 18.1.9.1 | C21: Complete end to end test | D21: item | E21: 1 | F21: 5000 | H21: =SUM(F21:G21)*E21 -> 5000
A22: 18.1.10 | C22: TRAINING
A23: 18.1.11 | C23: SCADA
A24: 18.1.11.1 | C24: Operator Level (5 operators) 3 days | D24: item | E24: 1 | F24: 12000 | H24: =SUM(F24:G24)*E24 -> 12000
A25: 18.1.11.2 | C25: Engineer Level (3 engineers / technicians ) 5 days | D25: item | E25: 1 | F25: 15000 | H25: =SUM(F25:G25)*E25 -> 15000
A26: 18.1.13 | C26: EQUIPMENT
A27: 18.1.13.1 | C27: Operator Level (5 operators) 3 days | D27: item | E27: 1 | F27: 12000 | H27: =SUM(F27:G27)*E27 -> 12000
A28: 18.1.13.2 | C28: Engineer Level (3 engineers / technicians ) 5 days | D28: item | E28: 1 | F28: 15000 | H28: =SUM(F28:G28)*E28 -> 15000
A29: 18.1.13.3 | C29: Management Level - 1/2 day overview | D29: item | E29: 1 | F29: 25000 | H29: =SUM(F29:G29)*E29 -> 25000
A30: Subtotal carried to Item 18 of Summary

Sheet Access Road
A2: Item | B2: Refer | C2: Description of the item | D2: Unit | E2: Qty | F2: RATE | G2: Price (R)
A3: No.
C4: EARTHWORKS (ROADS AND SUBGRADE)
A5: 19.1 | C5: EARTHWORKS
A6: 19.1.1 | C6: CLEARING AND GRUBBING
A7: 19.1.1.1 | C7: Clear and grub to 100mm depth over the area. stockpile as topsoil berm as directed by the Engineer. | D7: m2 | E7: =750*6 -> 4500 | F7: 35 | G7: =F7*E7 -> 157500
A8: 19.1.1.2 | C8: Excavate to the line and level as shown on the drawings and place stockpile materials as directed by the Engineer. | D8: m3 | E8: =750*6*0.45 -> 2025 | F8: 115 | G8: =F8*E8 -> 232875
A9: 19.1.2 | C9: TREATMENT OF ROAD-BED
A10: 19.1.2.1 | C10: Road-bed preparation and compaction of material compacted to 93% MOD AASHTO maximum density | D10: m3 | E10: =750*6*0.15 -> 675 | F10: 70 | G10: =SUM(F10:F10)*E10 -> 47250
A11: 19.1.2.2 | C11: In-place treatment of road-bed in intermediate or hard material:
A12: 19.1.2.3 | C12: a) Rip and Recompact | D12: m3 | E12: =750*6*0.15 -> 675 | F12: 150 | G12: =SUM(F12:F12)*E12 -> 101250
A13: 19.1.2.4 | C13: b) Extra-over items: Temporary stockpiling of material | D13: m3 | E13: =E8 -> 2025 | F13: 100 | G13: =F13*E13 -> 202500
A14: Carried Forward | G14: =SUM(G7:G13) -> 741375
A15: Item | B15: Refer | C15: Description of the item | D15: Unit | E15: Qty | F15: Rate | G15: Price (R)
A16: No.
A17: Brought Forward | G17: =G14 -> 741375
A18: 19.1.3 | C18: Excavation of Material
A19: 19.1.3.2 | C19: Intermediate excavation | D19: m3 | E19: =E8*0.2 -> 405 | F19: 350 | G19: =F19*E19 -> 141750
A20: 19.1.3.3 | C20: Hard excavation | D20: m3 | E20: =E8*0.1 -> 202.5 | F20: 480 | G20: =F20*E20 -> 97200
A21: 19.2 | C21: SUB-BASE
A22: 19.2.1 | C22: Construct and compact gravel wearing course with material (G6 or better) from approved borrow pit: Compact to 93% MOD AASHTO | G22: =SUM(F22:F22)*E22 -> 0
A23: 19.2.1.1 | C23: 150mm | D23: m3 | E23: =750*6*0.15 -> 675 | F23: 200 | G23: =F23*E23 -> 135000
A24: 19.2.2 | C24: Process material by means of:
A25: 19.2.2.1 | C25: a) Heavy grid rolling | D25: m3 | E25: =E23 -> 675 | F25: Rate only
A26: 19.2.2.2 | C26: b) Mechanical modification | D26: m3 | E26: =E23 -> 675 | F26: Rate only
A28: 19.3 | C28: BASE
A29: 19.3.1 | C29: Construct base with material from borrow pit
A30: 19.3.1.1 | C30: C4 Cement Stabilized base Compact 150mm to 95% MOD AASHTO | D30: m3 | E30: =E23 -> 675 | F30: 500 | G30: =F30*E30 -> 337500
G36: =SUM(G17:G35) -> 1452825
A37: Subtotal carried to Item 19 of Summary
